 Dungeon Crawl Stone Soup version 0.21-a0-531-gacddea6 (webtiles) character file.

830607 tidbits the Gnoll Aeon (level 27, 0/288 HPs)
             Began as a Gnoll Earth Elementalist on Dec 1, 2017.
             Was the Champion of Cheibriados.
             Killed from afar by a hellion (38 damage)
             ... with damnation
             ... summoned by Ereshkigal
             ... on level 7 of Tartarus on Dec 13, 2017.
             The game lasted 08:47:03 (20824 turns).

tidbits the Gnoll Aeon (Gnoll Earth Elementalist)  Turns: 20824, Time: 08:47:04

Health: 0/288      AC: 40    Str: 38    XL:     27
Magic:  12/46      EV: 42    Int: 54    God:    Cheibriados [******]
Gold:   3682       SH: 20    Dex: 38    Spells: 3/65 levels left

rFire    + + +     SeeInvis +   a - +8 sacred scourge (holy)
rCold    + + +     Gourm    .   N - +0 shield "Keag" {rF+ rC+ Dex+4}
rNeg     + + .     Faith    .   (armour currently unavailable)
rPois    ∞         Spirit   .   E - +2 helmet {SInv}
rElec    +         Reflect  .   C - +1 cloak of Starlight {rElec rC+ EV+4 Stlth--}
rCorr    .         Harm     .   (gloves currently unavailable)
MR       ++...                  (boots currently unavailable)
Stlth    ++++++++..             L - amulet of magic regeneration
HPRegen  1.58/turn              J - ring of Tihogol {Fire +Blink Str+4 Int+7}
MPRegen  0.55/turn              S - ring "Ulaimag" {rF+ rC+ rN+ Str+3 Slay+3}

@: mighty, brilliant, statue-form (expiring), regenerating (expiring), slowed,
silenced, very slow
A: distributed training, fangs 2, talons 1, repulsion field 1, camouflage 1,
cold resistance 1, strong nose
}: 8/15 runes: barnacled, slimy, silver, golden, iron, icy, abyssal, gossamer
a: End Transformation, Renounce Religion, Evoke Blink


You were on level 7 of Tartarus.
You worshipped Cheibriados.
Cheibriados was exalted by your worship.
You were full.
You were a stone statue.
You visited 15 branches of the dungeon, and saw 73 of its levels.
You visited the Abyss 1 time.
You visited 1 ziggurat, and saw 15 of its levels.
You also visited: Ice Cave and Volcano.

You collected 5898 gold pieces.
You spent 2216 gold pieces at shops.

Inventory:

Hand Weapons
 a - a +8 sacred scourge of holy wrath (weapon)
   (You took it off an angel on level 14 of a ziggurat)
 f - a +9 demon trident of flaming
   (You found it in an ice cave)
 l - the +4 staff of Dispater
   (You took it off Dispater on level 7 of the Iron City of Dis)
Missiles
 u - 25 javelins of returning (quivered)
 M - 5 throwing nets {!f}
Armour
 B - the +2 robe of Vines (melded) {NoPotionHeal Regen+7}
   (You found it on level 15 of a ziggurat)

   It increases your rate of regeneration.
 C - the +1 cloak of Starlight (worn) {rElec rC+ EV+4 Stlth--}
   (You found it on level 7 of Cocytus)

   It affects your evasion (+4).
   It protects you from cold.
   It insulates you from electricity.
   It makes you much less stealthy.
 E - a +2 helmet of see invisible (worn)
   (You found it on level 15 of a ziggurat)
 F - a +2 pair of boots of flying (melded)
   (You found it on level 2 of the Shoals)
 G - a +2 pair of gloves (melded)
 N - the +0 shield "Keag" (worn) {rF+ rC+ Dex+4}
   (You acquired it on level 9 of the Dungeon)

   It affects your dexterity (+4).
   It protects you from fire.
   It protects you from cold.
Magical Staves
 w - an uncursed staff of wizardry {!a}
   (You took it off a yaktaur captain on level 5 of the Vaults)
Jewellery
 g - the amulet of the Four Winds {rN+ MR+++ Clar}
   (You took it off Antaeus on level 7 of Cocytus)

   [amulet of nothing]

   It protects you from negative energy.
   It affects your resistance to hostile enchantments.
   It protects you against confusion.
 k - the ring of the Mage {Wiz MR++ Int+3}
   (You found it on level 3 of the Tomb of the Ancients)

   [ring of wizardry]

   It improves your spell success rate.
   It affects your intelligence (+3).
   It affects your resistance to hostile enchantments.
 J - the ring of Tihogol (left hand) {Fire +Blink Str+4 Int+7}
   (You found it on level 1 of the Spider Nest)

   [ring of fire]

   It enhances your fire magic.
   It affects your strength (+4).
   It affects your intelligence (+7).
   It protects you from fire.
   It makes you vulnerable to cold.
   It lets you blink.
 K - the ring "Zeuminel" {rCorr rC+}
   (You found it on level 15 of a ziggurat)

   [ring of resist corrosion]

   It protects you from cold.
 L - an amulet of magic regeneration (around neck)
   (You took it off a vampire mage on level 3 of the Crypt)
 S - the ring "Ulaimag" (right hand) {rF+ rC+ rN+ Str+3 Slay+3}
   (You found it on level 3 of the Crypt)

   [ring of positive energy]

   It affects your strength (+3).
   It affects your accuracy and damage with ranged weapons and melee attacks
   (+3).
   It protects you from fire.
   It protects you from cold.
   It protects you from negative energy.
 T - the amulet "Nioresh" {Reflect rF+ MR+ Int+3 SH+5}
   (You acquired it on level 4 of the Shoals)

   [amulet of reflection]

   It shields you and reflects attacks.
   It affects your intelligence (+3).
   It protects you from fire.
   It affects your resistance to hostile enchantments.
   It affects your SH (+5).
Wands
 d - a wand of digging (16)
 o - a wand of iceblast (11)
 R - a wand of enslavement (31)
 Z - a wand of acid (11)
Scrolls
 h - 6 scrolls of teleportation
 n - 9 scrolls of fog
 p - 5 scrolls of magic mapping
 r - 13 scrolls of remove curse
 I - 5 scrolls of fear
 V - 6 scrolls of blinking
 W - 3 scrolls of amnesia
Potions
 j - 4 potions of curing
 q - 7 potions of mutation {!q}
 v - 3 potions of brilliance
 y - a potion of cancellation
 A - 4 potions of agility
 D - 3 potions of flight
 H - a potion of might
 P - 2 potions of invisibility
 Q - 6 potions of ambrosia
 U - a potion of heal wounds
 X - a potion of resistance
Miscellaneous
 b - a crystal ball of energy
 m - a lightning rod (4/4)
 s - a lamp of fire
 t - a phial of floods
 x - a box of beasts
 O - a sack of spiders
 Y - 7 phantom mirrors
Comestibles
 e - 20 meat rations


   Skills:
 + Level 19.2 Fighting
 + Level 19.2 Short Blades
 + Level 19.2 Long Blades
 + Level 19.2 Axes
 + Level 19.2 Maces & Flails
 + Level 19.2 Polearms
 + Level 19.2 Staves
 + Level 19.2 Slings
 + Level 19.2 Bows
 + Level 19.2 Crossbows
 + Level 19.2 Throwing
 + Level 19.2 Armour
 + Level 19.6 Dodging
 + Level 19.5 Stealth
 + Level 19.2 Shields
 + Level 19.2 Unarmed Combat
 + Level 19.7 Spellcasting
 + Level 16.6 Conjurations
 + Level 16.6 Hexes
 + Level 16.6 Charms
 + Level 16.6 Summonings
 + Level 16.6 Necromancy
 + Level 16.6 Translocations
 + Level 16.7 Transmutations
 + Level 16.6 Fire Magic
 + Level 16.6 Ice Magic
 + Level 16.6 Air Magic
 + Level 17.3 Earth Magic
 + Level 16.6 Poison Magic
 + Level 20.6 Invocations
 + Level 19.2 Evocations


You had 3 spell levels left.
You knew the following spells:

 Your Spells              Type           Power        Failure   Level  Hunger
b - Blink                 Tloc           N/A          0%          2    None
d - Death Channel         Necr           ########..   1%          6    None
g - Passage of Golubria   Tloc           N/A          0%          4    None
l - Lesser Beckoning      Tloc           ########..   0%          3    None
p - Passwall              Tmut/Erth      ########..   0%          2    None
r - Regeneration          Chrm/Necr      ########..   0%          3    None
s - Statue Form           Tmut/Erth      ########.    1%          6    None
w - Spectral Weapon       Hex/Chrm       ########     0%          3    None
y - Song of Slaying       Chrm           ########     0%          2    None
D - Lee's Rapid Deconstr  Erth           ########..   0%          5    None
F - Summon Forest         Summ/Tloc      ########..   0%          5    None
G - Ignition              Fire           #########.   1%          8    None
L - Summon Lightning Spi  Summ/Air       ########     0%          4    None
S - Shatter               Erth           ########..   1%          9    None


Dungeon Overview and Level Annotations

Branches:
Dungeon (15/15)            Temple (1/1) D:5            Lair (5/6) D:11
 Shoals (4/4) Lair:4       Spider (4/4) Lair:3        Slime (5/5) Lair:5
    Orc (2/2) D:11            Elf (0/3) Orc:2        Vaults (5/5) D:14
  Crypt (3/3) Vaults:3       Tomb (3/3) Crypt:3      Depths (4/5) D:15
   Hell (1/1)                 Dis (7/7) Hell            Coc (7/7) Hell
    Tar (7/7) Hell
    Geh: Hell:1

Altars:
Ashenzari
Cheibriados
Dithmenos
Elyvilon
Fedhas
Gozag
Hepliaklqana
Kikubaaqudgha
Makhleb
Nemelex Xobeh
Okawaru
Qazlal
Ru
Sif Muna
Trog
Vehumet
Wu Jian
Xom
Yredelemnul
Zin
The Shining One
Beogh
Jiyva

Shops:
D:11 *   D:13 [   Orc:1 ?   Orc:2 =[%%   Vaults:2 (   Vaults:5 !   Depths:1 %

Portals:
Hell: Depths:1 Depths:3
Pandemonium: Depths:2

Annotations:
Tomb:1 Frederick
Tar:7 Ereshkigal


Innate Abilities, Weirdness & Mutations

Your experience applies equally to all skills.
You have extremely sharp teeth.
Your uncanny sense of smell can sniff out nearby items.
You have sharp toenails.
You are surrounded by a mild repulsion field. (EV +2)
Your skin changes colour to match your surroundings (Stealth+).
Your flesh is cold resistant. (rC+)


Message History

Ereshkigal gestures.
Ereshkigal's surroundings become eerily quiet.
You block the Tzitzimitl's attack. The Tzitzimitl barely misses you.
The Tzitzimitl gestures at you.
The bolt of cold hits your spectral weapon.
Your spectral weapon resists.
Your spectral weapon shares its damage with you!
Your spectral weapon fades away.
The bolt of cold hits you! You resist.
* * * LOW HITPOINT WARNING * * *
Unknown command.
You feel very mighty all of a sudden.
Ereshkigal gestures.
Ereshkigal is healed.
Ereshkigal gestures.
The Tzitzimitl gestures at you. The bolt of cold misses you.
A tormentor and 3 flying skulls come into view.
You completely miss Ereshkigal. Your kick misses Ereshkigal.
Your bite misses Ereshkigal.
Ereshkigal is moderately wounded.
You block Ereshkigal's attack. The Tzitzimitl gestures at you.
The bolt of negative energy misses you.
A spectral swamp worm comes into view.
Evoke which item? (* to show all) (? for menu, Esc to quit)
You open the lid... ...and an elder fireox beast leaps out!
The now-empty box falls apart.
Ereshkigal completely misses you.
The Tzitzimitl calls on the powers of darkness!
Your body is wracked with pain!
* * * LOW HITPOINT WARNING * * *
Your elder fireox beast convulses!
Ereshkigal calls on the powers of darkness!
Your body is wracked with pain!
* * * LOW HITPOINT WARNING * * *
Your elder fireox beast convulses!
You block the shadow demon's attack. The Tzitzimitl misses you.
The Tzitzimitl bites you but does no damage.
You sense a hostile presence.
A Tzitzimitl and a spectral thing come into view.
Evoke which item? (* to show all) (? for menu, Esc to quit)
Okay, then.
Put on which piece of jewellery? (? for menu, Esc to quit)
You're wearing all the rings you can.
Remove which one? (? for menu, Esc to cancel) < or
k - the ring of the Mage {Wiz MR++ Int+3} > or
S - the ring "Ulaimag" {rF+ rC+ rN+ Str+3 Slay+3} You remove the ring of the Mage {Wiz MR++ Int+3}.
The flying skull closely misses your elder fireox beast.
Ereshkigal completely misses you.
The Tzitzimitl completely misses you. x2
The flying skull hits your elder fireox beast.
You feel more attuned to fire.
J - the ring of Tihogol (left hand) {Fire +Blink Str+4 Int+7} You block Ereshkigal's attack.
The spectral swamp worm barely misses your elder fireox beast.
You block the shadow demon's attack.
Your elder fireox beast hits the flying skull!!
The flying skull is destroyed!
Cheibriados thoroughly appreciates the change of pace.
The Tzitzimitl engulfs you but does no damage.
The Tzitzimitl misses you. The Tzitzimitl engulfs you.
* * * LOW HITPOINT WARNING * * *
The Tzitzimitl drains your vigour!
You feel yourself slow down. You block the Tzitzimitl's attack.
You blink.
You feel slightly less full.
A shadow demon comes into view.
Your transformation is almost over.
Your skin is crawling a little less now.
The tormentor calls on the powers of darkness!
Your body is wracked with pain!
* * * LOW HITPOINT WARNING * * *
Your elder fireox beast convulses!
You block the flying skull's attack. x2
Your elder fireox beast breathes flames at the spectral swamp worm.
The blast of flame hits the spectral swamp worm. x2
The spectral swamp worm is destroyed!
Cheibriados appreciates the change of pace.
The flying skull completely misses you. You block the flying skull's attack.
You block Ereshkigal's attack. The flying skull misses you.
A spectral swamp worm comes into view.
You blink.
You feel slightly less full.
The tormentor calls on the powers of darkness!
Your elder fireox beast convulses!
Your body is wracked with pain!
* * * LOW HITPOINT WARNING * * *
Your elder fireox beast hits the spectral swamp worm.
Your elder fireox beast tramples the spectral swamp worm!
The spectral swamp worm holds its ground!
The spectral swamp worm bites your elder fireox beast but does no damage.
Your elder fireox beast closely misses the spectral swamp worm.
Your elder fireox beast tramples the spectral swamp worm!
The spectral swamp worm is shoved backwards!
The spectral swamp worm bites your elder fireox beast!
Your elder fireox beast dies!
Your elder fireox beast's corpse disappears in a puff of smoke!
Ereshkigal calls on the powers of darkness!
Your body is wracked with pain!
* * * LOW HITPOINT WARNING * * *
The shadow demon gestures.
The hellion gestures at you.
The sphere of damnation explodes!
The damnation engulfs you!
You die...

..... ..... ..... ##
#.##.# .... ..# ..#.#
#''## ..##.##.#.#
##....#.. ##..#..#.#.##
#........ .##.##.#....#
##8.....## .'...#.#....#
#..2.....# # .###.#.#)....
#.1&D......#
...#.#.#..)...#..2zz.....#
...#...#.##)#..##)2..#..#
...###.#)#.).##..1)ZZ..##
###..#...#...#...).z)4..#
))#..######..#....§Zz#2.#
#)###)=∆ #.....#..z.#....


You could see Ereshkigal, a bone dragon, 2 Tzitzimimeh, a skeletal warrior, 2
shadow demons, a hellwing, 3 spectral swamp worms, a hellion, a tormentor and 3
flying skulls.

Vanquished Creatures
  2 pandemonium lords
  Antaeus (Coc:7)
  the Royal Jelly (Slime:5)
  Dispater (Dis:7)
  Mennas (Tomb:3)
  7 juggernauts
  Sojobo (Crypt:2)
  12 greater mummies
  6 shard shrikes
  Margery (Vaults:2)
  A curse toe (Crypt:3)
  A profane servitor (Abyss:5)
  Geryon (Hell)
  2 golden dragons (Vaults:5)
  4 pearl dragons
  12 bone dragons
  19 Tzitzimimeh
  11 doom hounds
  A hellephant (Zig:8)
  2 Brimstone Fiends (Dis:7)
  Jorgrun (Spider:4)
  The ghost of Amnesiac the Acrobat, an adept DEFi of Okawaru (Dis:7)
  An iron giant (Dis:7)
  16 Ice Fiends
  12 liches
  4 Hell Sentinels (Dis:7)
  8 titans
  A quicksilver dragon (Dis:7)
  A quicksilver dragon (shapeshifter) (Vaults:5)
  7 tentacled starspawn (Abyss:5)
  A kraken (Abyss:5)
  2 deep elf blademasters (Zig:12)
  24 acid blobs
  5 Executioners
  A deep elf master archer (Zig:12)
  Agnes (Spider:4)
  19 ancient champions
  11 shadow dragons
  Polyphemus (Shoals:4)
  7 sphinxes
  A storm dragon (Vaults:5)
  7 tengu reavers
  9 revenants
  Roxanne (Spider:2)
  Kirke (Spider:2)
  Ilsuiw (Shoals:4)
  A nagaraja (Zig:5)
  10 frost giants
  6 daevas
  15 azure jellies
  3 fire giants
  A deep elf sorcerer (Vaults:5)
  3 ghost moths
  An orc warlord (Orc:2)
  4 balrugs
  10 vault wardens
  3 iron dragons
  3 cacodemons
  A warmonger (Zig:8)
  A corrupter (Zig:15)
  4 ironheart preservers
  A draconian shifter (Zig:3)
  3 curse skulls
  2 emperor scorpions (Spider:4)
  A spriggan defender (Depths:3)
  34 reapers
  4 ghouls
  12 war gargoyles
  A caustic shrike skeleton (Zig:6)
  6 ophanim
  A stone giant (shapeshifter) (Vaults:5)
  9 angels
  A draconian stormcaller (Zig:3)
  12 very ugly things
  A blood saint (Zig:15)
  12 stone giants
  3 black suns (Zig:15)
  5 elemental wellsprings (Coc:7)
  5 vampire knights
  4 apis
  10 bennus
  The ghost of Scuka the Impaler, a journeyman MfBe of Trog (Lair:4)
  3 entropy weavers
  3 lorocyprocas
  A deep elf demonologist (Zig:12)
  5 spark wasps
  A white draconian (Zig:3)
  4 deep elf death magi
  The ghost of wazuzu the Geomancer, a journeyman GrEE of Dithmenos (Lair:4)
  5 eidola
  3 merfolk javelineers
  2 fire dragons
  8 ettins
  3 merfolk impalers (Shoals:4)
  14 blizzard demons
  9 jiangshi
  9 yaktaur captains
  19 mummy priests
  2 deep elf high priests (Zig:12)
  6 green deaths
  5 quicksilver dragon zombies
  6 death oozes
  7 great orbs of eyes
  17 ice dragons
  A monstrous demonspawn (Zig:15)
  24 vault guards
  A catoblepas (Shoals:4)
  3 quicksilver dragon skeletons
  2 rakshasas
  2 hydras
  5 hell beasts
  A ghost crab (Tar:7)
  A spriggan air mage (Depths:3)
  7 death knights
  An anaconda (Zig:5)
  4 merfolk aquamancers (Shoals:4)
  6 centaur warriors
  7 dancing weapons
  11 two-headed ogres
  2 death yaks (Shoals:4)
  4 ogre magi
  A spriggan berserker (Depths:4)
  8 deep troll earth magi
  A tengu warrior (Depths:1)
  47 death scarabs
  3 hell hogs (Abyss:5)
  8 thrashing horrors (Abyss:5)
  10 vampire magi
  5 deep troll shamans
  4 orc high priests (Orc:2)
  3 deep elf knights
  A naga sharpshooter (Zig:5)
  3 titan zombies
  4 sun demons
  2 iron golems (Hell)
  12 soul eaters
  2 titan skeletons
  3 storm dragon zombies
  8 wretched stars (Abyss:5)
  Nergalle (Lair:2)
  27 hell knights
  83 skeletal warriors
  A storm dragon skeleton (Crypt:2)
  3 iron trolls
  7 shadow wraiths
  3 sixfirhies
  22 deep trolls
  A ghost moth zombie (Coc:7)
  A death drake (Tar:2)
  9 flayed ghosts
  7 cherubim (Zig:14)
  6 anaconda zombies
  A spatial maelstrom (Abyss:5)
  2 sea snakes
  2 golden dragon zombies
  A torturous demonspawn (Depths:3)
  An infernal demonspawn (Zig:8)
  2 unseen horrors
  6 wizards
  11 orc knights
  2 golden dragon skeletons
  6 deep elf archers
  3 ironbrand convokers (Vaults:5)
  An obsidian statue (Zig:3)
  10 phantasmal warriors
  10 necromancers
  17 shadow demons
  19 harpies
  8 orb spiders
  2 stone giant zombies
  12 ugly things
  11 deep elf magi
  3 anaconda skeletons
  2 oklob plants (Shoals:1)
  A shadow dragon skeleton (Tomb:3)
  2 sphinx skeletons
  10 orc sorcerers
  2 iron dragon zombies
  4 fauns (Shoals:3)
  A moth of wrath (shapeshifter) (Vaults:2)
  2 fire giant zombies
  3 shining eyes
  2 frost giant zombies
  2 cyclopes
  3 moths of wrath
  21 wolf spiders
  A guardian serpent (shapeshifter) (Abyss:5)
  7 manticores
  4 black mambas
  4 elephants
  Psyche (D:9)
  2 guardian serpents
  An iron dragon skeleton (Tar:7)
  A frost giant skeleton (Coc:5)
  4 merfolk sirens
  2 naga magi (Zig:5)
  3 vault sentinels
  2 titan simulacra (Coc:7)
  3 centaur zombies
  An apocalypse crab (Abyss:5)
  5 smoke demons
  2 ice statues (IceCv)
  24 rust devils
  4 stone giant skeletons
  A centaur skeleton (D:12)
  A shock serpent zombie (Dis:7)
  4 fire giant skeletons
  3 dire elephant zombies
  3 orange demons (Abyss:5)
  5 spiny frogs
  5 eyes of devastation
  2 spectral swamp worms (Tar:7)
  2 dire elephant skeletons
  7 storm dragon simulacra (Coc:7)
  A gargoyle (D:12)
  2 efreet
  6 demonic crawlers
  8 hellions
  A komodo dragon (Lair:1)
  5 anaconda simulacra (Coc:7)
  21 yaktaurs
  A catoblepas zombie (Crypt:2)
  2 rime drakes
  An iron troll zombie (Crypt:1)
  15 freezing wraiths
  A hellwing (Zig:15)
  27 tormentors
  35 ice devils
  3 silent spectres
  13 hydra zombies
  6 ancient zymes (Abyss:5)
  33 guardian mummies
  A harpy zombie (Tar:2)
  14 merfolk
  2 catoblepas skeletons
  A polar bear (shapeshifter) (Vaults:4)
  3 red devils
  2 trolls
  22 jumping spiders
  3 ettin zombies
  A tengu simulacrum (Depths:3)
  2 wind drakes (Shoals:4)
  9 raiju (Abyss:5)
  3 hippogriffs
  7 snapping turtles
  A meliai zombie (Crypt:3)
  50 slime creatures
  A harpy skeleton (Tar:7)
  A deep troll zombie (Zig:1)
  9 hornets
  A wind drake (shapeshifter) (Vaults:5)
  5 alligator zombies
  3 bog bodies
  2 black mamba zombies
  6 dream sheep
  3 air elementals (Depths:3)
  A fire giant simulacrum (Crypt:1)
  9 blink frogs
  2 fire dragon zombies
  62 flying skulls
  3 hydra skeletons
  3 ice dragon skeletons
  Sigmund (D:4)
  5 ettin skeletons
  20 tarantellas
  3 spriggans
  9 shadows
  2 dire elephant simulacra
  10 water elementals
  2 fire dragon skeletons
  26 yaks
  2 ynoxinuls (Zig:15)
  50 redbacks
  11 starcursed masses (Abyss:5)
  10 ushabtiu
  11 wraiths
  13 humans (D:14)
  A wyvern (D:8)
  A black mamba skeleton (Tar:5)
  8 golden eyes (Slime:3)
  A golden eye (shapeshifter) (Vaults:5)
  A hog (shapeshifter) (Zig:12)
  2 basilisks
  4 chaos spawn (Abyss:5)
  2 hungry ghosts
  Menkaure (D:4)
  4 neqoxecs (Abyss:5)
  7 wargs
  15 large abominations (Abyss:5)
  A spatial vortex (Dis:7)
  A gelid demonspawn zombie (Dis:7)
  6 porcupines
  5 insubstantial wisps (Abyss:5)
  An acid dragon (Vaults:1)
  5 water moccasins
  A floating eye (Slime:5)
  9 spiny frog zombies
  25 hell hounds
  8 hydra simulacra
  A sky beast (D:11)
  7 snapping turtle zombies
  A spiny frog skeleton (Coc:7)
  31 orc warriors
  8 phantoms
  6 ice beasts
  A swamp dragon zombie (Dis:7)
  3 small abominations (Abyss:5)
  8 necrophages
  An alligator simulacrum (Coc:7)
  A fire dragon simulacrum (Tar:7)
  An iguana (D:11)
  13 centaurs
  24 ogres
  12 eyes of draining
  A hog zombie (Crypt:3)
  An ice dragon simulacrum (Abyss:5)
  A manticore skeleton (Hell)
  A snapping turtle skeleton (Tar:2)
  10 crocodiles
  2 wolves (Lair:3)
  An elephant skeleton (Crypt:2)
  14 bullfrogs
  2 elf zombies
  A yaktaur zombie (Crypt:3)
  A water moccasin zombie (D:9)
  A wyvern skeleton (D:11)
  2 spriggan zombies
  21 wights
  7 killer bees
  6 howler monkeys
  5 crimson imps
  2 quasits
  6 iron imps
  5 hounds
  A jelly (D:6)
  13 orc priests
  12 orc wizards
  A bullfrog skeleton (D:5)
  10 worker ants
  6 hell rats (Hell)
  A hound zombie (D:7)
  A hound skeleton (D:9)
  A naga skeleton (Tar:3)
  31 mummies
  A swamp drake zombie (Crypt:1)
  4 gnolls (Orc:1)
  11 adders
  9 shadow imps
  22 white imps
  10 ufetubi (IceCv)
  An ooze (D:4)
  A halfling zombie (Crypt:3)
  A worm (D:2)
  A dart slug (D:2)
  2 leopard geckos (D:3)
  51 orcs
  2 giant cockroaches
  2 gnoll zombies (D:5)
  5 hobgoblins
  9 jackals
  4 quokkas
  3 ball pythons
  6 bats
  3 frilled lizards
  A frilled lizard skeleton (Crypt:1)
  A frilled lizard zombie (Crypt:3)
  5 goblins
  A jackal skeleton (D:6)
  8 kobolds
  An orc zombie (Dis:4)
  2 rats (D:3)
  A river rat skeleton (Crypt:3)
  2 crawling corpses (Zig:12)
  3 fungi
  5 plants
  2 spectral weapons
  A starspawn tentacle (Abyss:5)
  5 tentacles (Abyss:5)
2393 creatures vanquished.

Vanquished Creatures (collateral kills)
  An iron giant (Dis:7)
  A tentacled monstrosity (Vaults:5)
  A quicksilver dragon (Vaults:5)
  An ancient champion (Crypt:3)
  A shadow dragon (Vaults:5)
  2 tengu reavers
  A daeva (Zig:11)
  2 vault wardens (Vaults:5)
  An orc warlord (Orc:1)
  A frost giant (Vaults:3)
  2 fire giants (Vaults:5)
  2 ghouls
  3 ironheart preservers (Vaults:5)
  A deep elf elementalist (Vaults:5)
  2 bennus (Tomb:2)
  A vampire knight (Crypt:3)
  An entropy weaver (Lair:3)
  2 deep elf annihilators (Vaults:5)
  2 ophanim (Zig:11)
  A jiangshi (Crypt:3)
  2 merfolk javelineers (Shoals:4)
  7 slime creatures
  3 yaktaur captains (Vaults:5)
  A great orb of eyes (Slime:4)
  A merfolk impaler (Shoals:3)
  A merfolk aquamancer (Shoals:4)
  A two-headed ogre (shapeshifter) (Depths:3)
  A death knight (Vaults:3)
  A dancing weapon (Vaults:5)
  2 ogre magi (Vaults:5)
  3 two-headed ogres (Vaults:5)
  A deep troll shaman (Depths:1)
  4 hell knights
  An iron troll (Depths:1)
  A shadow wraith (Crypt:3)
  2 deep trolls
  A sea snake (Shoals:4)
  A cherub (Zig:11)
  2 anaconda skeletons (Crypt:3)
  5 orc knights
  A necromancer (Vaults:4)
  4 harpies
  2 ugly things
  2 wolf spiders
  6 orb spiders
  4 shining eyes
  3 deep elf magi (Vaults:5)
  3 manticores (Shoals:4)
  3 elephants (Lair:5)
  A stone giant skeleton (Crypt:1)
  A merfolk siren (Shoals:4)
  A rust devil (Dis:7)
  2 smoke demons
  An eye of devastation (Slime:4)
  A black mamba (Lair:3)
  A torpor snail (Spider:1)
  2 spiny frogs (Lair:5)
  A spectral swamp worm (Tar:7)
  A demonic crawler (Spider:1)
  3 yaktaurs
  A purple draconian zombie (Crypt:2)
  2 freezing wraiths (Coc:5)
  A minotaur zombie (Crypt:2)
  A meliai (shapeshifter) (Vaults:5)
  2 merfolk (Shoals:4)
  2 hornets
  A wind drake (Shoals:4)
  3 jumping spiders (Spider:4)
  A blink frog (Lair:4)
  A snapping turtle (Shoals:4)
  2 dream sheep (Lair:3)
  A fire dragon zombie (Coc:3)
  2 flying skulls
  7 redbacks
  An ettin skeleton (Crypt:2)
  A tarantella (shapeshifter) (Vaults:4)
  A black mamba zombie (Crypt:2)
  3 tarantellas
  8 humans (D:14)
  4 yaks
  4 neqoxecs (Abyss:5)
  A warg (Orc:1)
  A water moccasin (Lair:1)
  A hell hound (Volcano)
  A spiny frog zombie (Crypt:2)
  9 orc warriors
  A porcupine (Lair:4)
  A black bear (Lair:4)
  2 eyes of draining
  7 ogres
  3 wolves (Lair:3)
  4 centaurs
  A crocodile (Lair:3)
  A crocodile (shapeshifter) (Vaults:5)
  A big kobold (D:13)
  An elf zombie (Crypt:3)
  A wight (D:9)
  A snapping turtle simulacrum (Crypt:3)
  8 orc priests
  A gnoll shaman (Orc:1)
  9 orc wizards
  An iguana (D:12)
  2 mummies (Crypt:3)
  An ogre simulacrum (Crypt:3)
  An iguana skeleton (Crypt:2)
  27 orcs
  A hobgoblin zombie (Crypt:3)
  4 kobolds (D:13)
254 creatures vanquished.

Vanquished Creatures (others)
  An eldritch tentacle (Coc:7)
  A reaper (IceCv)
  A merfolk javelineer (Shoals:3)
  A vault guard (Vaults:5)
  6 death scarabs (Tomb:3)
  A sun demon (Coc:1)
  A starcursed mass (Abyss:5)
  An orc knight (Orc:2)
  2 large abominations (Abyss:5)
  5 yaktaurs
  A queen bee (shapeshifter) (Vaults:3)
  An ancient zyme (Abyss:5)
  9 flying skulls (Tomb:2)
  A redback (Spider:1)
  3 humans (Spider:2)
  An orc priest (Orc:2)
  An orc wizard (Orc:2)
  An iron imp (Dis:7)
  A lightning spire (Zig:14)
  2 mummies (Tomb:2)
  3 white imps (IceCv)
  An ufetubus (IceCv)
  An orc (Vaults:5)
  A fire vortex (Zig:11)
  3 fungi
  A lurking horror (Abyss:5)
  4 plants
  38 spectral weapons
  14 starspawn tentacles (Abyss:5)
  11 tentacles
118 creatures vanquished.

Grand Total: 2765 creatures vanquished

Notes
Turn   | Place    | Note
-------+----------+-------------------------------------------
     0 | D:1      | tidbits the Gnoll Earth Elementalist began the quest for the Orb.
     0 | D:1      | Reached XP level 1. HP: 13/13 MP: 6/6
    51 | D:1      | Upgraded the game from 0.21-a0-509-gecc5317 to 0.21-a0-516-gaaff437
   125 | D:3      | Noticed a bullfrog
   128 | D:3      | Killed a bullfrog
   128 | D:3      | Reached skill level 1 in Fighting
   128 | D:3      | Reached skill level 1 in Short Blades
   128 | D:3      | Reached skill level 1 in Long Blades
   128 | D:3      | Reached skill level 1 in Axes
   128 | D:3      | Reached skill level 1 in Maces & Flails
   128 | D:3      | Reached skill level 1 in Polearms
   128 | D:3      | Reached skill level 1 in Staves
   128 | D:3      | Reached skill level 1 in Slings
   128 | D:3      | Reached skill level 1 in Bows
   128 | D:3      | Reached skill level 1 in Crossbows
   128 | D:3      | Reached skill level 1 in Throwing
   128 | D:3      | Reached skill level 1 in Armour
   128 | D:3      | Reached skill level 1 in Shields
   128 | D:3      | Reached skill level 1 in Unarmed Combat
   128 | D:3      | Reached skill level 5 in Spellcasting
   128 | D:3      | Reached skill level 2 in Transmutations
   128 | D:3      | Reached skill level 1 in Invocations
   128 | D:3      | Reached skill level 1 in Evocations
   128 | D:3      | Reached XP level 2. HP: 11/21 MP: 8/8
   128 | D:3      | Reached XP level 3. HP: 14/26 MP: 9/9
   128 | D:3      | Reached XP level 4. HP: 17/32 MP: 11/11
   254 | D:2      | Reached skill level 1 in Conjurations
   254 | D:2      | Reached skill level 1 in Hexes
   254 | D:2      | Reached skill level 1 in Charms
   254 | D:2      | Reached skill level 1 in Summonings
   254 | D:2      | Reached skill level 1 in Necromancy
   254 | D:2      | Reached skill level 1 in Translocations
   254 | D:2      | Reached skill level 1 in Fire Magic
   254 | D:2      | Reached skill level 1 in Ice Magic
   254 | D:2      | Reached skill level 1 in Air Magic
   254 | D:2      | Reached skill level 1 in Poison Magic
   450 | D:2      | Learned a level 2 spell: Passwall
   454 | D:2      | Learned a level 3 spell: Stone Arrow
   459 | D:2      | Learned a level 4 spell: Petrify
   471 | D:2      | Found an ornate altar of the Wu Jian Council.
   524 | D:2      | Reached XP level 5. HP: 36/37 MP: 12/12
   619 | D:3      | Found a sacrificial altar of Ru.
   756 | D:4      | Noticed Sigmund
   764 | D:4      | Killed Sigmund
   764 | D:4      | Reached skill level 5 in Dodging
   764 | D:4      | Reached skill level 2 in Invocations
   764 | D:4      | Reached XP level 6. HP: 43/44 MP: 14/14
   772 | D:4      | Found an opulent altar of Gozag.
   775 | D:4      | Reached skill level 2 in Fighting
   775 | D:4      | Reached skill level 2 in Short Blades
   775 | D:4      | Reached skill level 2 in Long Blades
   775 | D:4      | Reached skill level 2 in Axes
   775 | D:4      | Reached skill level 2 in Maces & Flails
   775 | D:4      | Reached skill level 2 in Polearms
   775 | D:4      | Reached skill level 2 in Staves
   775 | D:4      | Reached skill level 2 in Slings
   775 | D:4      | Reached skill level 2 in Bows
   775 | D:4      | Reached skill level 2 in Crossbows
   775 | D:4      | Reached skill level 2 in Throwing
   775 | D:4      | Reached skill level 2 in Armour
   775 | D:4      | Reached skill level 2 in Shields
   775 | D:4      | Reached skill level 2 in Unarmed Combat
   775 | D:4      | Reached skill level 2 in Evocations
   812 | D:4      | Found an ancient bone altar of Kikubaaqudgha.
   873 | D:4      | Noticed Menkaure
   876 | D:4      | Killed Menkaure
   876 | D:4      | Reached XP level 7. HP: 45/50 MP: 15/15
   923 | D:4      | Reached skill level 2 in Conjurations
   923 | D:4      | Reached skill level 2 in Hexes
   923 | D:4      | Reached skill level 2 in Charms
   923 | D:4      | Reached skill level 2 in Summonings
   923 | D:4      | Reached skill level 2 in Necromancy
   923 | D:4      | Reached skill level 2 in Translocations
   923 | D:4      | Reached skill level 2 in Fire Magic
   923 | D:4      | Reached skill level 2 in Ice Magic
   923 | D:4      | Reached skill level 2 in Air Magic
   923 | D:4      | Reached skill level 2 in Poison Magic
   958 | D:4      | Found a hazy altar of Hepliaklqana.
   982 | D:4      | Reached skill level 3 in Transmutations
  1021 | D:5      | Entered Level 5 of the Dungeon
  1237 | D:5      | Found a staircase to the Ecumenical Temple.
  1281 | D:5      | Reached skill level 5 in Stealth
  1281 | D:5      | Reached skill level 3 in Invocations
  1323 | D:5      | Found a basalt altar of Yredelemnul.
  1340 | D:5      | Learned a level 3 spell: Confuse
  1361 | D:5      | Reached XP level 8. HP: 57/57 MP: 16/16
  1363 | D:5      | Reached skill level 6 in Earth Magic
  1549 | D:6      | Reached skill level 3 in Fighting
  1549 | D:6      | Reached skill level 3 in Short Blades
  1549 | D:6      | Reached skill level 3 in Long Blades
  1549 | D:6      | Reached skill level 3 in Axes
  1549 | D:6      | Reached skill level 3 in Maces & Flails
  1549 | D:6      | Reached skill level 3 in Polearms
  1549 | D:6      | Reached skill level 3 in Staves
  1549 | D:6      | Reached skill level 3 in Slings
  1549 | D:6      | Reached skill level 3 in Bows
  1549 | D:6      | Reached skill level 3 in Crossbows
  1549 | D:6      | Reached skill level 3 in Throwing
  1549 | D:6      | Reached skill level 3 in Armour
  1549 | D:6      | Reached skill level 3 in Shields
  1549 | D:6      | Reached skill level 3 in Unarmed Combat
  1549 | D:6      | Reached skill level 3 in Evocations
  1675 | D:6      | Reached skill level 6 in Spellcasting
  1708 | D:6      | Found a stormy altar of Qazlal.
  1739 | D:5      | Found a white marble altar of Elyvilon.
  1776 | D:5      | Found a shattered altar of Ashenzari.
  1860 | Temple   | Entered the Ecumenical Temple
  1889 | Temple   | Became a worshipper of Cheibriados the Contemplative
  1986 | D:7      | Found a radiant altar of Vehumet.
  2274 | D:8      | Noticed a wyvern
  2280 | D:8      | Killed a wyvern
  2280 | D:8      | Reached skill level 6 in Dodging
  2280 | D:8      | Reached skill level 3 in Conjurations
  2280 | D:8      | Reached skill level 3 in Hexes
  2280 | D:8      | Reached skill level 3 in Charms
  2280 | D:8      | Reached skill level 3 in Summonings
  2280 | D:8      | Reached skill level 3 in Necromancy
  2280 | D:8      | Reached skill level 3 in Translocations
  2280 | D:8      | Reached skill level 3 in Fire Magic
  2280 | D:8      | Reached skill level 3 in Ice Magic
  2280 | D:8      | Reached skill level 3 in Air Magic
  2280 | D:8      | Reached skill level 3 in Poison Magic
  2280 | D:8      | Reached skill level 4 in Invocations
  2280 | D:8      | Reached XP level 9. HP: 65/65 MP: 18/18
  2435 | D:8      | Found an iron altar of Okawaru.
  2528 | D:9      | Noticed a troll
  2534 | D:9      | Killed a troll
  2566 | D:10     | Entered Level 10 of the Dungeon
  2566 | D:10     | Found the +15 mace of Variability {chaos}
  2576 | D:10     | Reached skill level 4 in Fighting
  2576 | D:10     | Reached skill level 4 in Short Blades
  2576 | D:10     | Reached skill level 4 in Long Blades
  2576 | D:10     | Reached skill level 4 in Axes
  2576 | D:10     | Reached skill level 4 in Maces & Flails
  2576 | D:10     | Reached skill level 4 in Polearms
  2576 | D:10     | Reached skill level 4 in Staves
  2576 | D:10     | Reached skill level 4 in Slings
  2576 | D:10     | Reached skill level 4 in Bows
  2576 | D:10     | Reached skill level 4 in Crossbows
  2576 | D:10     | Reached skill level 4 in Throwing
  2576 | D:10     | Reached skill level 4 in Armour
  2576 | D:10     | Reached skill level 4 in Shields
  2576 | D:10     | Reached skill level 4 in Unarmed Combat
  2576 | D:10     | Reached skill level 4 in Transmutations
  2576 | D:10     | Reached skill level 4 in Evocations
  2638 | D:10     | Noticed a hornet
  2647 | D:10     | Paralysed by a hornet for 1 turns
  2649 | D:10     | Killed a hornet
  2649 | D:10     | Reached skill level 6 in Stealth
  2686 | D:11     | HP: 8/97 [centaur (6)]
  2703 | D:11     | HP: 5/66 [iguana (8)]
  2705 | D:11     | Reached skill level 5 in Invocations
  2788 | D:11     | Reached * piety under Cheibriados
  2807 | D:10     | Reached skill level 7 in Spellcasting
  2807 | D:10     | Reached XP level 10. HP: 32/73 MP: 18/20
  2814 | D:10     | Got an ancient granite ring
  2816 | D:10     | Identified the ring "Fienk" {Fire Int+4} (You found it on level 10 of the Dungeon)
  2841 | D:10     | Reached skill level 4 in Conjurations
  2841 | D:10     | Reached skill level 4 in Hexes
  2841 | D:10     | Reached skill level 4 in Charms
  2841 | D:10     | Reached skill level 4 in Summonings
  2841 | D:10     | Reached skill level 4 in Necromancy
  2841 | D:10     | Reached skill level 4 in Translocations
  2841 | D:10     | Reached skill level 4 in Fire Magic
  2841 | D:10     | Reached skill level 4 in Ice Magic
  2841 | D:10     | Reached skill level 4 in Air Magic
  2841 | D:10     | Reached skill level 4 in Poison Magic
  2878 | D:9      | Noticed a two-headed ogre
  2941 | D:11     | Reached skill level 5 in Fighting
  2941 | D:11     | Reached skill level 5 in Short Blades
  2941 | D:11     | Reached skill level 5 in Long Blades
  2941 | D:11     | Reached skill level 5 in Axes
  2941 | D:11     | Reached skill level 5 in Maces & Flails
  2941 | D:11     | Reached skill level 5 in Polearms
  2941 | D:11     | Reached skill level 5 in Staves
  2941 | D:11     | Reached skill level 5 in Slings
  2941 | D:11     | Reached skill level 5 in Bows
  2941 | D:11     | Reached skill level 5 in Crossbows
  2941 | D:11     | Reached skill level 5 in Throwing
  2941 | D:11     | Reached skill level 5 in Armour
  2941 | D:11     | Reached skill level 5 in Shields
  2941 | D:11     | Reached skill level 5 in Unarmed Combat
  2941 | D:11     | Reached skill level 5 in Evocations
  2961 | D:11     | Found a staircase to the Orcish Mines.
  3013 | D:11     | Learned a level 5 spell: Lee's Rapid Deconstruction
  3025 | D:11     | Reached skill level 7 in Earth Magic
  3029 | D:11     | Gained mutation: You can translocate small distances at will. [mutagenic meat]
  3030 | D:11     | Gained mutation: You have large cloven feet. [mutagenic meat]
  3031 | D:11     | Gained mutation: You are surrounded by a mild repulsion field. (EV +2) [mutagenic meat]
  3032 | D:11     | Gained mutation: You are occasionally teleported next to monsters. [mutagenic meat]
  3109 | D:11     | Reached skill level 7 in Dodging
  3132 | D:11     | Reached ** piety under Cheibriados
  3153 | D:11     | Found a staircase to the Lair.
  3173 | D:11     | Noticed a two-headed ogre
  3177 | D:11     | Killed a two-headed ogre
  3177 | D:11     | Reached skill level 5 in Transmutations
  3196 | D:11     | Reached skill level 7 in Stealth
  3196 | D:11     | Reached skill level 6 in Invocations
  3276 | D:11     | Found Waatodef's General Store.
  3279 | D:11     | Bought a potion of flight for 48 gold pieces
  3279 | D:11     | Bought a book of Callings for 480 gold pieces
  3279 | D:11     | Bought a scroll of remove curse for 48 gold pieces
  3279 | D:11     | Bought a potion of might for 64 gold pieces
  3284 | D:11     | Learned a level 4 spell: Summon Lightning Spire
  3301 | D:12     | Noticed a manticore
  3327 | Orc:1    | Entered Level 1 of the Orcish Mines
  3379 | D:10     | Killed an unseen horror
  3379 | D:10     | Reached XP level 11. HP: 74/81 MP: 8/22
  3434 | D:9      | Reached *** piety under Cheibriados
  3454 | D:9      | Killed a two-headed ogre
  3507 | D:9      | Reached skill level 6 in Fighting
  3507 | D:9      | Reached skill level 6 in Short Blades
  3507 | D:9      | Reached skill level 6 in Long Blades
  3507 | D:9      | Reached skill level 6 in Axes
  3507 | D:9      | Reached skill level 6 in Maces & Flails
  3507 | D:9      | Reached skill level 6 in Polearms
  3507 | D:9      | Reached skill level 6 in Staves
  3507 | D:9      | Reached skill level 6 in Slings
  3507 | D:9      | Reached skill level 6 in Bows
  3507 | D:9      | Reached skill level 6 in Crossbows
  3507 | D:9      | Reached skill level 6 in Throwing
  3507 | D:9      | Reached skill level 6 in Armour
  3507 | D:9      | Reached skill level 6 in Shields
  3507 | D:9      | Reached skill level 6 in Unarmed Combat
  3507 | D:9      | Reached skill level 6 in Evocations
  3518 | D:9      | Noticed Psyche
  3547 | D:9      | Killed Psyche
  3547 | D:9      | Reached skill level 5 in Conjurations
  3547 | D:9      | Reached skill level 5 in Hexes
  3547 | D:9      | Reached skill level 5 in Charms
  3547 | D:9      | Reached skill level 5 in Summonings
  3547 | D:9      | Reached skill level 5 in Necromancy
  3547 | D:9      | Reached skill level 5 in Translocations
  3547 | D:9      | Reached skill level 5 in Fire Magic
  3547 | D:9      | Reached skill level 5 in Ice Magic
  3547 | D:9      | Reached skill level 5 in Air Magic
  3547 | D:9      | Reached skill level 5 in Poison Magic
  3579 | D:9      | Identified a scroll of acquirement
  3581 | D:9      | Got a brightly glowing shield
  3587 | D:9      | Identified the +0 shield "Keag" {rF+ rC+ Dex+4} (You acquired it on level 9 of the Dungeon)
  3683 | D:9      | Reached skill level 8 in Spellcasting
  3946 | D:10     | Reached **** piety under Cheibriados
  4052 | D:12     | Reached skill level 7 in Invocations
  4086 | D:12     | Reached skill level 8 in Dodging
  4094 | D:12     | Killed a manticore
  4215 | D:11     | Learned a level 3 spell: Regeneration
  4309 | Orc:1    | Found Boosmy's Magic Scroll Boutique.
  4322 | Orc:1    | Bought a scroll of fear for 49 gold pieces
  4322 | Orc:1    | Bought a scroll of amnesia for 49 gold pieces
  4322 | Orc:1    | Bought a scroll of random uselessness for 14 gold pieces
  4325 | Orc:1    | Bought a scroll of magic mapping for 49 gold pieces
  4325 | Orc:1    | Bought a scroll of teleportation for 42 gold pieces
  4325 | Orc:1    | Bought a scroll of teleportation for 42 gold pieces
  4325 | Orc:1    | Bought a scroll of identify for 28 gold pieces
  4354 | Orc:1    | Noticed an orc knight
  4363 | Orc:1    | Killed an orc knight
  4366 | Orc:1    | Noticed an orc sorcerer
  4366 | Orc:1    | Noticed an orc warlord
  4384 | Orc:1    | Killed an orc sorcerer
  4384 | Orc:1    | Reached skill level 6 in Transmutations
  4385 | Orc:1    | Killed an orc warlord
  4385 | Orc:1    | Reached skill level 8 in Stealth
  4385 | Orc:1    | Reached XP level 12. HP: 45/89 MP: 23/24
  4394 | Orc:1    | Reached skill level 8 in Earth Magic
  4402 | Orc:1    | Reached ***** piety under Cheibriados
  4533 | Orc:1    | Learned a level 2 spell: Song of Slaying
  4534 | Orc:2    | Entered Level 2 of the Orcish Mines
  4600 | Orc:2    | Noticed a two-headed ogre
  4615 | Orc:2    | Killed a two-headed ogre
  4615 | Orc:2    | Reached skill level 7 in Fighting
  4615 | Orc:2    | Reached skill level 7 in Short Blades
  4615 | Orc:2    | Reached skill level 7 in Long Blades
  4615 | Orc:2    | Reached skill level 7 in Axes
  4615 | Orc:2    | Reached skill level 7 in Maces & Flails
  4615 | Orc:2    | Reached skill level 7 in Polearms
  4615 | Orc:2    | Reached skill level 7 in Staves
  4615 | Orc:2    | Reached skill level 7 in Slings
  4615 | Orc:2    | Reached skill level 7 in Bows
  4615 | Orc:2    | Reached skill level 7 in Crossbows
  4615 | Orc:2    | Reached skill level 7 in Throwing
  4615 | Orc:2    | Reached skill level 7 in Armour
  4615 | Orc:2    | Reached skill level 7 in Shields
  4615 | Orc:2    | Reached skill level 7 in Unarmed Combat
  4615 | Orc:2    | Reached skill level 7 in Evocations
  4672 | Orc:2    | Found Foeh's Food Shoppe.
  4672 | Orc:2    | Found Saaxidof's Food Boutique.
  4672 | Orc:2    | Found Zyekluo's Jewellery Shoppe.
  4672 | Orc:2    | Found Usid Fia's Armour Boutique.
  4672 | Orc:2    | Noticed an orc high priest
  4672 | Orc:2    | Noticed an orc high priest
  4673 | Orc:2    | Noticed an orc high priest
  4676 | Orc:2    | Noticed a sun demon
  4678 | Orc:2    | HP: 8/91 [orc priest/divine providence (10)]
  4679 | Orc:2    | Noticed a sun demon
  4703 | Orc:2    | Noticed an orc warlord
  4717 | Orc:2    | Killed an orc warlord
  4781 | Orc:2    | Found a staircase to the Elven Halls.
  4806 | Orc:2    | Found a runed door.
  4837 | Orc:2    | Noticed an orc high priest
  4837 | Orc:2    | Reached skill level 6 in Conjurations
  4837 | Orc:2    | Reached skill level 6 in Hexes
  4837 | Orc:2    | Reached skill level 6 in Charms
  4837 | Orc:2    | Reached skill level 6 in Summonings
  4837 | Orc:2    | Reached skill level 6 in Necromancy
  4837 | Orc:2    | Reached skill level 6 in Translocations
  4837 | Orc:2    | Reached skill level 6 in Fire Magic
  4837 | Orc:2    | Reached skill level 6 in Ice Magic
  4837 | Orc:2    | Reached skill level 6 in Air Magic
  4837 | Orc:2    | Reached skill level 6 in Poison Magic
  4843 | Orc:2    | Killed an orc high priest
  4843 | Orc:2    | Reached skill level 8 in Invocations
  4877 | Orc:2    | Found a roughly hewn altar of Beogh.
  4973 | Orc:2    | Reached skill level 9 in Spellcasting
  5039 | Orc:2    | Killed an orc high priest
  5057 | Orc:2    | Noticed a soul eater
  5095 | Orc:2    | Killed an orc high priest
  5109 | Orc:2    | Reached skill level 9 in Dodging
  5111 | Orc:2    | Killed an orc high priest
  5127 | Orc:2    | Reached XP level 13. HP: 95/98 MP: 0/26
  5151 | Orc:2    | Bought a +1 helmet for 161 gold pieces
  5151 | Orc:2    | Bought the +3 troll leather armour of Isuylor {rN+ Regen+} for 576 gold pieces
  5310 | D:11     | Learned a level 5 spell: Fireball
  5343 | Lair:1   | Entered Level 1 of the Lair of Beasts
  5401 | Lair:1   | Reached skill level 9 in Stealth
  5529 | Lair:1   | Reached skill level 7 in Transmutations
  5543 | Lair:2   | Noticed Nergalle
  5583 | Lair:2   | Reached skill level 8 in Fighting
  5583 | Lair:2   | Reached skill level 8 in Short Blades
  5583 | Lair:2   | Reached skill level 8 in Long Blades
  5583 | Lair:2   | Reached skill level 8 in Axes
  5583 | Lair:2   | Reached skill level 8 in Maces & Flails
  5583 | Lair:2   | Reached skill level 8 in Polearms
  5583 | Lair:2   | Reached skill level 8 in Staves
  5583 | Lair:2   | Reached skill level 8 in Slings
  5583 | Lair:2   | Reached skill level 8 in Bows
  5583 | Lair:2   | Reached skill level 8 in Crossbows
  5583 | Lair:2   | Reached skill level 8 in Throwing
  5583 | Lair:2   | Reached skill level 8 in Armour
  5583 | Lair:2   | Reached skill level 8 in Shields
  5583 | Lair:2   | Reached skill level 8 in Unarmed Combat
  5583 | Lair:2   | Reached skill level 8 in Evocations
  5626 | Lair:2   | Killed Nergalle
  5816 | Lair:2   | Found a dark tunnel.
  5827 | Volcano  | Entered a volcano
  6008 | Lair:2   | Reached skill level 9 in Invocations
  6058 | Lair:2   | Reached ****** piety under Cheibriados
  6267 | Lair:4   | Noticed wazuzu's ghost (journeyman GrEE)
  6268 | Lair:4   | Noticed Scuka's ghost (journeyman MfBe)
  6279 | Lair:4   | Killed wazuzu's ghost
  6288 | Lair:4   | Killed Scuka's ghost
  6288 | Lair:4   | Reached skill level 7 in Conjurations
  6288 | Lair:4   | Reached skill level 7 in Hexes
  6288 | Lair:4   | Reached skill level 7 in Charms
  6288 | Lair:4   | Reached skill level 7 in Summonings
  6288 | Lair:4   | Reached skill level 7 in Necromancy
  6288 | Lair:4   | Reached skill level 7 in Translocations
  6288 | Lair:4   | Reached skill level 7 in Fire Magic
  6288 | Lair:4   | Reached skill level 7 in Ice Magic
  6288 | Lair:4   | Reached skill level 7 in Air Magic
  6288 | Lair:4   | Reached skill level 9 in Earth Magic
  6288 | Lair:4   | Reached skill level 7 in Poison Magic
  6370 | Lair:4   | Found a staircase to the Shoals.
  6565 | Lair:5   | Found a frozen archway.
  6588 | IceCv    | Entered an ice cave
  6695 | IceCv    | Killed a reaper
  6801 | IceCv    | Reached skill level 10 in Spellcasting
  6805 | IceCv    | Reached XP level 14. HP: 106/106 MP: 5/28
  6886 | IceCv    | Identified Etsewk's Disquisition on Boosting Glamour
  7032 | Lair:5   | Found a staircase to the Slime Pits.
  7228 | Lair:4   | Reached skill level 10 in Dodging
  7252 | Lair:4   | Learned a level 3 spell: Spectral Weapon
  7489 | Lair:3   | Reached skill level 9 in Fighting
  7489 | Lair:3   | Reached skill level 9 in Short Blades
  7489 | Lair:3   | Reached skill level 9 in Long Blades
  7489 | Lair:3   | Reached skill level 9 in Axes
  7489 | Lair:3   | Reached skill level 9 in Maces & Flails
  7489 | Lair:3   | Reached skill level 9 in Polearms
  7489 | Lair:3   | Reached skill level 9 in Staves
  7489 | Lair:3   | Reached skill level 9 in Slings
  7489 | Lair:3   | Reached skill level 9 in Bows
  7489 | Lair:3   | Reached skill level 9 in Crossbows
  7489 | Lair:3   | Reached skill level 9 in Throwing
  7489 | Lair:3   | Reached skill level 9 in Armour
  7489 | Lair:3   | Reached skill level 9 in Shields
  7489 | Lair:3   | Reached skill level 9 in Unarmed Combat
  7489 | Lair:3   | Reached skill level 9 in Evocations
  7588 | Lair:3   | Found a hole to the Spider Nest.
  7612 | Spider:1 | Entered Level 1 of the Spider Nest
  7631 | Spider:1 | Noticed an entropy weaver
  7642 | Lair:3   | Killed an entropy weaver
  7642 | Lair:3   | Reached skill level 10 in Stealth
  7733 | Spider:1 | Noticed an entropy weaver
  7736 | Spider:1 | Reached skill level 8 in Transmutations
  7737 | Spider:1 | Killed an entropy weaver
  7737 | Spider:1 | Reached skill level 10 in Invocations
  7775 | Spider:1 | Got a clouded granite ring
  7777 | Spider:1 | Identified the ring of Tihogol {Fire +Blink Str+4 Int+7} (You found it on level 1 of the Spider Nest)
  7966 | Spider:2 | Noticed Roxanne
  7989 | Spider:2 | Killed Roxanne
  7994 | Spider:2 | Noticed Kirke
  8012 | Spider:2 | Killed Kirke
  8033 | Spider:2 | Killed a ghost moth
  8041 | Spider:2 | Learned a level 6 spell: Statue Form
  8107 | Spider:2 | Reached skill level 8 in Conjurations
  8107 | Spider:2 | Reached skill level 8 in Hexes
  8107 | Spider:2 | Reached skill level 8 in Charms
  8107 | Spider:2 | Reached skill level 8 in Summonings
  8107 | Spider:2 | Reached skill level 8 in Necromancy
  8107 | Spider:2 | Reached skill level 8 in Translocations
  8107 | Spider:2 | Reached skill level 8 in Fire Magic
  8107 | Spider:2 | Reached skill level 8 in Ice Magic
  8107 | Spider:2 | Reached skill level 8 in Air Magic
  8107 | Spider:2 | Reached skill level 8 in Poison Magic
  8111 | Spider:2 | Reached XP level 15. HP: 90/114 MP: 8/29
  8133 | Spider:4 | Entered Level 4 of the Spider Nest
  8351 | Spider:4 | Noticed Agnes
  8354 | Spider:4 | Killed Agnes
  8370 | Spider:4 | Reached skill level 11 in Spellcasting
  8393 | Spider:4 | Reached skill level 10 in Earth Magic
  8457 | Spider:4 | Killed a ghost moth
  8462 | Spider:4 | Noticed Jorgrun
  8493 | Spider:4 | Killed Jorgrun
  8493 | Spider:4 | Reached skill level 10 in Fighting
  8493 | Spider:4 | Reached skill level 10 in Short Blades
  8493 | Spider:4 | Reached skill level 10 in Long Blades
  8493 | Spider:4 | Reached skill level 10 in Axes
  8493 | Spider:4 | Reached skill level 10 in Maces & Flails
  8493 | Spider:4 | Reached skill level 10 in Polearms
  8493 | Spider:4 | Reached skill level 10 in Staves
  8493 | Spider:4 | Reached skill level 10 in Slings
  8493 | Spider:4 | Reached skill level 10 in Bows
  8493 | Spider:4 | Reached skill level 10 in Crossbows
  8493 | Spider:4 | Reached skill level 10 in Throwing
  8493 | Spider:4 | Reached skill level 10 in Armour
  8493 | Spider:4 | Reached skill level 10 in Shields
  8493 | Spider:4 | Reached skill level 10 in Unarmed Combat
  8493 | Spider:4 | Reached skill level 10 in Evocations
  8523 | Spider:4 | Noticed an emperor scorpion
  8537 | Spider:4 | Killed an emperor scorpion
  8537 | Spider:4 | Reached skill level 11 in Dodging
  8561 | Spider:4 | Killed a ghost moth
  8589 | Spider:4 | Reached skill level 11 in Invocations
  8618 | Spider:4 | Reached skill level 11 in Stealth
  8645 | Spider:4 | HP: 10/149 [redback (11)]
  8650 | Spider:4 | Reached skill level 9 in Transmutations
  8658 | Spider:4 | Noticed an emperor scorpion
  8665 | Spider:4 | Killed an emperor scorpion
  8665 | Spider:4 | Reached XP level 16. HP: 53/122 MP: 8/31
  8677 | Spider:4 | Got a gossamer rune of Zot
  8951 | Lair:4   | Learned a level 6 spell: Deflect Missiles
  8953 | Shoals:1 | Entered Level 1 of the Shoals
  9171 | Shoals:4 | Entered Level 4 of the Shoals
  9179 | Shoals:4 | Noticed Ilsuiw
  9190 | Shoals:4 | Noticed Polyphemus
  9200 | Shoals:4 | Killed Polyphemus
  9210 | Shoals:4 | Killed Ilsuiw
  9238 | Shoals:4 | Reached skill level 9 in Conjurations
  9238 | Shoals:4 | Reached skill level 9 in Hexes
  9238 | Shoals:4 | Reached skill level 9 in Charms
  9238 | Shoals:4 | Reached skill level 9 in Summonings
  9238 | Shoals:4 | Reached skill level 9 in Necromancy
  9238 | Shoals:4 | Reached skill level 9 in Translocations
  9238 | Shoals:4 | Reached skill level 9 in Fire Magic
  9238 | Shoals:4 | Reached skill level 9 in Ice Magic
  9238 | Shoals:4 | Reached skill level 9 in Air Magic
  9238 | Shoals:4 | Reached skill level 9 in Poison Magic
  9403 | Shoals:4 | Identified the Incunabulum of Sinister Rituals and Aid
  9427 | Shoals:4 | Got a barnacled rune of Zot
  9461 | Shoals:4 | Got a bound platinum amulet
  9462 | Shoals:4 | Identified the amulet "Nioresh" {Reflect rF+ MR+ Int+3 SH+5} (You acquired it on level 4 of the Shoals)
  9779 | Shoals:3 | Reached skill level 11 in Fighting
  9779 | Shoals:3 | Reached skill level 11 in Short Blades
  9779 | Shoals:3 | Reached skill level 11 in Long Blades
  9779 | Shoals:3 | Reached skill level 11 in Axes
  9779 | Shoals:3 | Reached skill level 11 in Maces & Flails
  9779 | Shoals:3 | Reached skill level 11 in Polearms
  9779 | Shoals:3 | Reached skill level 11 in Staves
  9779 | Shoals:3 | Reached skill level 11 in Slings
  9779 | Shoals:3 | Reached skill level 11 in Bows
  9779 | Shoals:3 | Reached skill level 11 in Crossbows
  9779 | Shoals:3 | Reached skill level 11 in Throwing
  9779 | Shoals:3 | Reached skill level 11 in Armour
  9779 | Shoals:3 | Reached skill level 11 in Shields
  9779 | Shoals:3 | Reached skill level 11 in Unarmed Combat
  9779 | Shoals:3 | Reached skill level 11 in Evocations
  9982 | Lair:4   | Learned a level 4 spell: Passage of Golubria
 10025 | Slime:1  | Entered Level 1 of the Pits of Slime
 10025 | Slime:1  | Noticed an azure jelly
 10033 | Slime:1  | Killed an azure jelly
 10033 | Slime:1  | Reached skill level 12 in Spellcasting
 10033 | Slime:1  | Reached XP level 17. HP: 131/131 MP: 29/33
 10073 | Slime:1  | Reached skill level 12 in Invocations
 10115 | Slime:2  | Paralysed by a great orb of eyes for 4 turns
 10149 | Slime:3  | Noticed an acid blob
 10153 | Slime:3  | Noticed an acid blob
 10153 | Slime:3  | Noticed an acid blob
 10157 | Slime:3  | Killed an acid blob
 10158 | Slime:3  | Noticed an acid blob
 10159 | Slime:3  | Reached skill level 12 in Dodging
 10163 | Slime:2  | Killed an acid blob
 10165 | Slime:2  | Killed an acid blob
 10177 | Slime:2  | Noticed an acid blob
 10182 | Slime:2  | Killed an acid blob
 10182 | Slime:2  | Reached skill level 11 in Earth Magic
 10191 | Slime:2  | Reached skill level 12 in Stealth
 10259 | Slime:1  | Noticed an acid blob
 10265 | Slime:1  | Noticed an acid blob
 10265 | Slime:1  | Noticed an acid blob
 10280 | Slime:3  | Noticed an acid blob
 10280 | Slime:3  | Killed an acid blob
 10285 | Slime:3  | Killed an acid blob
 10285 | Slime:3  | Reached skill level 10 in Transmutations
 10297 | Slime:4  | Noticed an acid blob
 10313 | Slime:3  | Gained mutation: You are resistant to hostile enchantments. (MR+) [a shining eye]
 10406 | Slime:4  | Killed an acid blob
 10531 | Slime:5  | Entered Level 5 of the Pits of Slime
 10540 | Slime:5  | Noticed an acid blob
 10553 | Slime:5  | Killed an acid blob
 10554 | Slime:5  | Noticed the Royal Jelly
 10559 | Slime:5  | Found a viscous altar of Jiyva.
 10563 | Slime:5  | Noticed an acid blob
 10566 | Slime:5  | Noticed an acid blob
 10567 | Slime:5  | Killed the Royal Jelly
 10567 | Slime:5  | Killed an acid blob
 10567 | Slime:5  | Reached skill level 10 in Conjurations
 10567 | Slime:5  | Reached skill level 10 in Hexes
 10567 | Slime:5  | Reached skill level 10 in Charms
 10567 | Slime:5  | Reached skill level 10 in Summonings
 10567 | Slime:5  | Reached skill level 10 in Necromancy
 10567 | Slime:5  | Reached skill level 10 in Translocations
 10567 | Slime:5  | Reached skill level 10 in Fire Magic
 10567 | Slime:5  | Reached skill level 10 in Ice Magic
 10567 | Slime:5  | Reached skill level 10 in Air Magic
 10567 | Slime:5  | Reached skill level 10 in Poison Magic
 10567 | Slime:5  | Noticed an acid blob
 10567 | Slime:5  | Noticed an acid blob
 10569 | Slime:5  | Noticed an acid blob
 10572 | Slime:5  | Killed an acid blob
 10594 | Slime:5  | Noticed an acid blob
 10597 | Slime:5  | Noticed an acid blob
 10598 | Slime:5  | Noticed an acid blob
 10610 | Slime:5  | Killed an acid blob
 10610 | Slime:5  | Reached XP level 18. HP: 83/138 MP: 28/34
 10683 | Slime:5  | Identified the Tome of Igneous Poisoning
 10687 | Slime:5  | Got a slimy rune of Zot
 10760 | Slime:5  | Identified Sif Muna's Grimoire of Feathers
 10816 | Slime:5  | Learned a level 6 spell: Death Channel
 10972 | Lair:5   | Upgraded the game from 0.21-a0-516-gaaff437 to 0.21-a0-529-g8c7b3f5
 11237 | D:13     | Found Foiptoh's Antique Armour Shoppe.
 11252 | D:13     | Bought a pair of glowing gloves for 262 gold pieces
 11407 | D:14     | Identified the amulet of Manuida {Inacc Int+6} (You found it on level 14 of the Dungeon)
 11441 | D:14     | Found a gate to the Vaults.
 11443 | D:14     | Reached skill level 12 in Fighting
 11443 | D:14     | Reached skill level 12 in Short Blades
 11443 | D:14     | Reached skill level 12 in Long Blades
 11443 | D:14     | Reached skill level 12 in Axes
 11443 | D:14     | Reached skill level 12 in Maces & Flails
 11443 | D:14     | Reached skill level 12 in Polearms
 11443 | D:14     | Reached skill level 12 in Staves
 11443 | D:14     | Reached skill level 12 in Slings
 11443 | D:14     | Reached skill level 12 in Bows
 11443 | D:14     | Reached skill level 12 in Crossbows
 11443 | D:14     | Reached skill level 12 in Throwing
 11443 | D:14     | Reached skill level 12 in Armour
 11443 | D:14     | Reached skill level 12 in Shields
 11443 | D:14     | Reached skill level 12 in Unarmed Combat
 11443 | D:14     | Reached skill level 12 in Evocations
 11471 | Vaults:1 | Entered Level 1 of the Vaults
 11522 | Vaults:1 | Reached skill level 13 in Invocations
 11589 | Vaults:1 | Noticed a lich
 11602 | Vaults:1 | Killed a lich
 11630 | Vaults:2 | Found Canudwop's Weapon Shop.
 11656 | Vaults:2 | Reached skill level 13 in Spellcasting
 11859 | Vaults:4 | Reached skill level 13 in Dodging
 12005 | Vaults:4 | Reached XP level 19. HP: 146/146 MP: 33/36
 12037 | Vaults:4 | Reached skill level 13 in Stealth
 12091 | Vaults:5 | Entered Level 5 of the Vaults
 12102 | Vaults:5 | Reached skill level 11 in Transmutations
 12103 | Vaults:5 | Reached skill level 12 in Earth Magic
 12105 | Vaults:5 | Noticed a golden dragon
 12196 | Vaults:5 | Noticed a golden dragon
 12197 | Vaults:5 | Reached skill level 11 in Conjurations
 12197 | Vaults:5 | Reached skill level 11 in Hexes
 12197 | Vaults:5 | Reached skill level 11 in Charms
 12197 | Vaults:5 | Reached skill level 11 in Summonings
 12197 | Vaults:5 | Reached skill level 11 in Necromancy
 12197 | Vaults:5 | Reached skill level 11 in Translocations
 12197 | Vaults:5 | Reached skill level 11 in Fire Magic
 12197 | Vaults:5 | Reached skill level 11 in Ice Magic
 12197 | Vaults:5 | Reached skill level 11 in Air Magic
 12197 | Vaults:5 | Reached skill level 11 in Poison Magic
 12203 | Vaults:5 | Killed a golden dragon
 12217 | Vaults:5 | Noticed a tentacled monstrosity
 12226 | Vaults:5 | Noticed a caustic shrike
 12226 | Vaults:5 | a titan changed into a caustic shrike
 12226 | Vaults:5 | HP: 7/191 [quicksilver dragon/bolt of dispelling energy (37)]
 12227 | Vaults:5 | Killed a tentacled monstrosity
 12227 | Vaults:5 | Reached XP level 20. HP: 22/155 MP: 13/37
 12230 | Vaults:5 | a caustic shrike changed into a shadow dragon
 12239 | Vaults:5 | Reached skill level 13 in Fighting
 12239 | Vaults:5 | Reached skill level 13 in Short Blades
 12239 | Vaults:5 | Reached skill level 13 in Long Blades
 12239 | Vaults:5 | Reached skill level 13 in Axes
 12239 | Vaults:5 | Reached skill level 13 in Maces & Flails
 12239 | Vaults:5 | Reached skill level 13 in Polearms
 12239 | Vaults:5 | Reached skill level 13 in Staves
 12239 | Vaults:5 | Reached skill level 13 in Slings
 12239 | Vaults:5 | Reached skill level 13 in Bows
 12239 | Vaults:5 | Reached skill level 13 in Crossbows
 12239 | Vaults:5 | Reached skill level 13 in Throwing
 12239 | Vaults:5 | Reached skill level 13 in Armour
 12239 | Vaults:5 | Reached skill level 13 in Shields
 12239 | Vaults:5 | Reached skill level 13 in Unarmed Combat
 12239 | Vaults:5 | Reached skill level 14 in Invocations
 12239 | Vaults:5 | Reached skill level 13 in Evocations
 12239 | Vaults:5 | HP: 9/156 [tengu reaver/bolt of magma (21)]
 12293 | Vaults:5 | Killed a golden dragon
 12441 | Vaults:5 | Reached skill level 14 in Spellcasting
 12445 | Vaults:5 | Got a silver rune of Zot
 12544 | Vaults:5 | Found Xadoenet's Distillery.
 12551 | Vaults:5 | Bought a potion of brilliance for 76 gold pieces
 12551 | Vaults:5 | Bought a potion of brilliance for 76 gold pieces
 12551 | Vaults:5 | Bought a potion of brilliance for 76 gold pieces
 12551 | Vaults:5 | Bought a potion of brilliance for 76 gold pieces
 12631 | Vaults:5 | Reached skill level 14 in Dodging
 12839 | Vaults:3 | Found a staircase to the Crypt.
 12854 | Vaults:3 | Learned a level 5 spell: Lee's Rapid Deconstruction
 12869 | Vaults:3 | Learned a level 8 spell: Ignition
 12877 | Vaults:3 | Learned a level 6 spell: Iron Shot
 12878 | Crypt:1  | Entered Level 1 of the Crypt
 12901 | Crypt:1  | Reached skill level 14 in Stealth
 13032 | Crypt:1  | Reached XP level 21. HP: 163/163 MP: 34/39
 13210 | Crypt:3  | Entered Level 3 of the Crypt
 13210 | Crypt:3  | Noticed Sojobo
 13217 | Crypt:2  | Killed Sojobo
 13401 | Crypt:3  | Reached skill level 12 in Transmutations
 13427 | Crypt:3  | Noticed a bone dragon
 13442 | Crypt:3  | Killed a bone dragon
 13469 | Crypt:3  | Noticed a curse toe
 13484 | Crypt:3  | Killed a curse toe
 13488 | Crypt:3  | Found an ancient bone altar of Kikubaaqudgha.
 13492 | Crypt:3  | Found a basalt altar of Yredelemnul.
 13533 | Crypt:3  | Identified the ring "Ulaimag" {rF+ rC+ rN+ Str+3 Slay+3} (You found it on level 3 of the Crypt)
 13534 | Crypt:3  | Identified the ring "Enoder" {+Fly rN+ Str+3 Int+5} (You found it on level 3 of the Crypt)
 13535 | Crypt:3  | Identified the ring "Vicyqai" {rN+ Int+3} (You found it on level 3 of the Crypt)
 13721 | Crypt:3  | Found a staircase to the Tomb.
 13738 | Tomb:1   | Entered Level 1 of the Tomb of the Ancients
 13743 | Tomb:1   | Noticed Frederick
 13748 | Tomb:1   | Reached skill level 15 in Invocations
 13748 | Tomb:1   | Reached skill level 12 in Conjurations
 13748 | Tomb:1   | Reached skill level 12 in Hexes
 13748 | Tomb:1   | Reached skill level 12 in Charms
 13748 | Tomb:1   | Reached skill level 12 in Summonings
 13748 | Tomb:1   | Reached skill level 12 in Necromancy
 13748 | Tomb:1   | Reached skill level 12 in Translocations
 13748 | Tomb:1   | Reached skill level 12 in Fire Magic
 13748 | Tomb:1   | Reached skill level 12 in Ice Magic
 13748 | Tomb:1   | Reached skill level 12 in Air Magic
 13748 | Tomb:1   | Reached skill level 13 in Earth Magic
 13748 | Tomb:1   | Reached skill level 12 in Poison Magic
 13756 | Tomb:1   | Noticed a greater mummy
 13762 | Tomb:1   | Noticed a greater mummy
 13768 | Tomb:1   | Killed a greater mummy
 13776 | Tomb:1   | Killed a greater mummy
 13776 | Tomb:1   | Reached skill level 14 in Fighting
 13776 | Tomb:1   | Reached skill level 14 in Short Blades
 13776 | Tomb:1   | Reached skill level 14 in Long Blades
 13776 | Tomb:1   | Reached skill level 14 in Axes
 13776 | Tomb:1   | Reached skill level 14 in Maces & Flails
 13776 | Tomb:1   | Reached skill level 14 in Polearms
 13776 | Tomb:1   | Reached skill level 14 in Staves
 13776 | Tomb:1   | Reached skill level 14 in Slings
 13776 | Tomb:1   | Reached skill level 14 in Bows
 13776 | Tomb:1   | Reached skill level 14 in Crossbows
 13776 | Tomb:1   | Reached skill level 14 in Throwing
 13776 | Tomb:1   | Reached skill level 14 in Armour
 13776 | Tomb:1   | Reached skill level 14 in Shields
 13776 | Tomb:1   | Reached skill level 14 in Unarmed Combat
 13776 | Tomb:1   | Reached skill level 14 in Evocations
 13788 | Tomb:1   | HP: 18/214 [mummy priest/divine providence (16)]
 13790 | Tomb:1   | Lost mutation: You are occasionally teleported next to monsters. [potion of mutation]
 13790 | Tomb:1   | Lost mutation: You can translocate small distances at will. [potion of mutation]
 13790 | Tomb:1   | Lost mutation: You are resistant to hostile enchantments. (MR+) [potion of mutation]
 13790 | Tomb:1   | Gained mutation: You are weak. (Str -2) [potion of mutation]
 13790 | Tomb:1   | Gained mutation: You have extremely sharp teeth. [potion of mutation]
 13790 | Tomb:1   | Gained mutation: You are partially covered in slimy green scales. (AC +2) [potion of mutation]
 14166 | Tomb:1   | Noticed a greater mummy
 14172 | Tomb:1   | Killed a greater mummy
 14172 | Tomb:1   | Reached XP level 22. HP: 150/172 MP: 11/40
 14182 | Tomb:1   | Noticed a greater mummy
 14189 | Tomb:1   | Killed a greater mummy
 14312 | Tomb:3   | Entered Level 3 of the Tomb of the Ancients
 14324 | Tomb:3   | Noticed a greater mummy
 14384 | Tomb:2   | Reached skill level 15 in Spellcasting
 14413 | Tomb:3   | Noticed a greater mummy
 14415 | Tomb:3   | Noticed a greater mummy
 14416 | Tomb:3   | Found the +18 shield of the Gong {rElec rN+ MR+ EV-5}
 14419 | Tomb:3   | Noticed Mennas
 14422 | Tomb:3   | Killed a greater mummy
 14423 | Tomb:3   | Killed a greater mummy
 14423 | Tomb:3   | Reached skill level 15 in Dodging
 14423 | Tomb:3   | Killed Mennas
 14424 | Tomb:3   | Noticed a greater mummy
 14425 | Tomb:3   | Found the ring of the Mage {Wiz MR++ Int+3}
 14428 | Tomb:3   | Noticed a greater mummy
 14430 | Tomb:3   | Killed a greater mummy
 14430 | Tomb:3   | Reached skill level 15 in Stealth
 14433 | Tomb:3   | Noticed a greater mummy
 14434 | Tomb:3   | Noticed a greater mummy
 14483 | Tomb:3   | Noticed a greater mummy
 14484 | Tomb:3   | Noticed a greater mummy
 14487 | Tomb:3   | Killed a greater mummy
 14489 | Tomb:3   | Killed a greater mummy
 14490 | Tomb:3   | Killed a greater mummy
 14491 | Tomb:3   | Reached XP level 23. HP: 57/179 MP: 13/42
 14494 | Tomb:3   | Killed a greater mummy
 14500 | Tomb:3   | HP: 22/232 [greater mummy/divine providence (15)]
 14600 | Tomb:3   | Killed a greater mummy
 14600 | Tomb:3   | Reached skill level 16 in Invocations
 14640 | Tomb:3   | Got a golden rune of Zot
 14664 | Tomb:3   | Identified the cursed ring of Quodoschaa {rN+ Int+4 Dex-6 Slay+4} (You found it on level 3 of the Tomb of the Ancients)
 14714 | Tomb:3   | Identified the Incunabulum of the Unholy Rocks
 14907 | Tomb:3   | Identified the +1 large shield "Cumpanas" {rC+ rN+ MR+} (You took it off Mennas on level 3 of the Tomb of the Ancients)
 14943 | Tomb:1   | Reached skill level 13 in Transmutations
 15152 | Vaults:3 | Learned a level 2 spell: Passwall
 15158 | Vaults:3 | Learned a level 5 spell: Summon Forest
 15212 | Vaults:2 | Noticed Margery
 15224 | Vaults:2 | Killed Margery
 15237 | Vaults:2 | Reached skill level 15 in Fighting
 15237 | Vaults:2 | Reached skill level 15 in Short Blades
 15237 | Vaults:2 | Reached skill level 15 in Long Blades
 15237 | Vaults:2 | Reached skill level 15 in Axes
 15237 | Vaults:2 | Reached skill level 15 in Maces & Flails
 15237 | Vaults:2 | Reached skill level 15 in Polearms
 15237 | Vaults:2 | Reached skill level 15 in Staves
 15237 | Vaults:2 | Reached skill level 15 in Slings
 15237 | Vaults:2 | Reached skill level 15 in Bows
 15237 | Vaults:2 | Reached skill level 15 in Crossbows
 15237 | Vaults:2 | Reached skill level 15 in Throwing
 15237 | Vaults:2 | Reached skill level 15 in Armour
 15237 | Vaults:2 | Reached skill level 15 in Shields
 15237 | Vaults:2 | Reached skill level 15 in Unarmed Combat
 15237 | Vaults:2 | Reached skill level 15 in Evocations
 15342 | D:15     | Entered Level 15 of the Dungeon
 15464 | D:15     | Found a staircase to the Depths.
 15484 | Depths:1 | Entered Level 1 of the Depths
 15587 | Depths:1 | Found Pyrhoum's Food Boutique.
 15587 | Depths:1 | Found a gateway to Hell.
 15593 | Depths:1 | Reached skill level 13 in Conjurations
 15593 | Depths:1 | Reached skill level 13 in Hexes
 15593 | Depths:1 | Reached skill level 13 in Charms
 15593 | Depths:1 | Reached skill level 13 in Summonings
 15593 | Depths:1 | Reached skill level 13 in Necromancy
 15593 | Depths:1 | Reached skill level 13 in Translocations
 15593 | Depths:1 | Reached skill level 13 in Fire Magic
 15593 | Depths:1 | Reached skill level 13 in Ice Magic
 15593 | Depths:1 | Reached skill level 13 in Air Magic
 15593 | Depths:1 | Reached skill level 13 in Poison Magic
 15753 | Depths:2 | Reached skill level 14 in Earth Magic
 15809 | Depths:3 | Identified the ring "Ixkux" {+Blink EV+1 Int+4} (You found it on level 3 of the Depths)
 15867 | Depths:4 | Reached XP level 24. HP: 189/189 MP: 26/42
 15973 | Depths:2 | Found a one-way gate leading to the halls of Pandemonium.
 16083 | Depths:3 | Noticed a juggernaut
 16088 | Depths:3 | Reached skill level 16 in Spellcasting
 16096 | Depths:3 | Killed a juggernaut
 16112 | Depths:3 | Noticed a juggernaut
 16120 | Depths:3 | Killed a juggernaut
 16120 | Depths:3 | Reached skill level 16 in Dodging
 16190 | Depths:2 | Noticed a juggernaut
 16202 | Depths:2 | Killed a juggernaut
 16212 | Depths:2 | Reached skill level 16 in Stealth
 16346 | Depths:3 | Upgraded the game from 0.21-a0-529-g8c7b3f5 to 0.21-a0-531-gacddea6
 16354 | Hell     | Entered the Vestibule of Hell
 16354 | Hell     | Noticed Geryon
 16368 | Hell     | Killed Geryon
 16399 | Hell     | Found a gateway to the freezing wastes of Cocytus.
 16408 | Coc:1    | Entered Level 1 of Cocytus
 16416 | Coc:1    | You fall through a shaft!
 16692 | Coc:5    | Noticed a shard shrike
 16694 | Coc:5    | Killed a shard shrike
 16724 | Coc:7    | Entered Level 7 of Cocytus
 16734 | Coc:7    | Noticed a shard shrike
 16739 | Coc:7    | Killed a shard shrike
 16739 | Coc:7    | Reached skill level 17 in Invocations
 16753 | Coc:7    | Noticed a shard shrike
 16753 | Coc:7    | Noticed a shard shrike
 16759 | Coc:7    | Killed a shard shrike
 16763 | Coc:7    | Reached XP level 25. HP: 197/197 MP: 32/43
 16767 | Coc:7    | Noticed a shard shrike
 16769 | Coc:7    | Killed a shard shrike
 16771 | Coc:7    | Killed a shard shrike
 16904 | Coc:7    | Reached skill level 16 in Fighting
 16904 | Coc:7    | Reached skill level 16 in Short Blades
 16904 | Coc:7    | Reached skill level 16 in Long Blades
 16904 | Coc:7    | Reached skill level 16 in Axes
 16904 | Coc:7    | Reached skill level 16 in Maces & Flails
 16904 | Coc:7    | Reached skill level 16 in Polearms
 16904 | Coc:7    | Reached skill level 16 in Staves
 16904 | Coc:7    | Reached skill level 16 in Slings
 16904 | Coc:7    | Reached skill level 16 in Bows
 16904 | Coc:7    | Reached skill level 16 in Crossbows
 16904 | Coc:7    | Reached skill level 16 in Throwing
 16904 | Coc:7    | Reached skill level 16 in Armour
 16904 | Coc:7    | Reached skill level 16 in Shields
 16904 | Coc:7    | Reached skill level 16 in Unarmed Combat
 16904 | Coc:7    | Reached skill level 16 in Evocations
 16921 | Coc:7    | Noticed Antaeus
 16922 | Coc:7    | Reached skill level 14 in Transmutations
 16942 | Coc:7    | Noticed a shard shrike
 16945 | Coc:7    | Killed a shard shrike
 16952 | Zig:1    | Entered Level 1 of a ziggurat
 16973 | Zig:2    | Entered Level 2 of a ziggurat
 17004 | Zig:2    | Learned a level 9 spell: Shatter
 17006 | Zig:3    | Entered Level 3 of a ziggurat
 17042 | Zig:4    | Entered Level 4 of a ziggurat
 17067 | Zig:5    | Entered Level 5 of a ziggurat
 17087 | Zig:5    | Identified the +5 plate armour of Bagua {Int+4} (You found it on level 5 of a ziggurat)
 17095 | Zig:6    | Entered Level 6 of a ziggurat
 17104 | Zig:6    | Reached skill level 14 in Conjurations
 17104 | Zig:6    | Reached skill level 14 in Hexes
 17104 | Zig:6    | Reached skill level 14 in Charms
 17104 | Zig:6    | Reached skill level 14 in Summonings
 17104 | Zig:6    | Reached skill level 14 in Necromancy
 17104 | Zig:6    | Reached skill level 14 in Translocations
 17104 | Zig:6    | Reached skill level 14 in Fire Magic
 17104 | Zig:6    | Reached skill level 14 in Ice Magic
 17104 | Zig:6    | Reached skill level 14 in Air Magic
 17104 | Zig:6    | Reached skill level 14 in Poison Magic
 17125 | Zig:7    | Entered Level 7 of a ziggurat
 17149 | Zig:8    | Entered Level 8 of a ziggurat
 17157 | Zig:8    | Noticed Elullon the pandemonium lord
 17166 | Zig:8    | Killed Elullon the pandemonium lord
 17166 | Zig:8    | HP: 4/257 [hellephant/blast of flame (24)]
 17171 | Zig:8    | HP: 22/257 [gelid warmonger/vampiric demon blade (17)]
 17175 | Zig:8    | Reached XP level 26. HP: 18/206 MP: 8/43
 17179 | Zig:8    | Found the +3 giant club "Skullcrusher" {speed, Str+7}
 17230 | Zig:9    | Entered Level 9 of a ziggurat
 17233 | Zig:9    | Noticed a juggernaut
 17234 | Zig:9    | Noticed a juggernaut
 17235 | Zig:9    | Noticed a juggernaut
 17235 | Zig:9    | Noticed a juggernaut
 17238 | Zig:9    | Killed a juggernaut
 17238 | Zig:9    | Reached skill level 17 in Spellcasting
 17238 | Zig:9    | Killed a juggernaut
 17238 | Zig:9    | Reached skill level 15 in Earth Magic
 17238 | Zig:9    | Killed a juggernaut
 17239 | Zig:9    | Killed a juggernaut
 17239 | Zig:9    | Reached skill level 17 in Dodging
 17269 | Zig:10   | Entered Level 10 of a ziggurat
 17278 | Zig:10   | Reached skill level 17 in Stealth
 17300 | Zig:10   | Identified the ring "Rehehad" {Wiz MR+ Int+2} (You found it on level 10 of a ziggurat)
 17305 | Zig:10   | Identified the Collected Works on Shifting Beguiling
 17310 | Zig:11   | Entered Level 11 of a ziggurat
 17343 | Zig:11   | Reached skill level 18 in Invocations
 17343 | Zig:11   | Reached XP level 27. HP: 213/213 MP: 21/44
 17345 | Zig:11   | Identified the ring "Axoliev" {rF+ Str+2} (You found it on level 11 of a ziggurat)
 17358 | Zig:12   | Entered Level 12 of a ziggurat
 17399 | Zig:12   | Identified the Volume of Supportive Air
 17402 | Zig:12   | Identified Wioklem's Catalogue of Glacial Earth
 17413 | Zig:12   | Learned a level 2 spell: Blink
 17420 | Zig:12   | Cast into level 5 of the Abyss (a distortion unwield)
 17420 | Abyss:5  | Entered Level 5 of the Abyss
 17555 | Abyss:5  | Gained mutation: You do not regenerate when monsters are visible. [a neqoxec]
 17556 | Abyss:5  | Gained mutation: Your spells are a little easier to cast, but a little less powerful. [a neqoxec]
 17558 | Abyss:5  | Lost mutation: Your spells are a little easier to cast, but a little less powerful. [potion of mutation]
 17558 | Abyss:5  | Lost mutation: You are partially covered in slimy green scales. (AC +2) [potion of mutation]
 17558 | Abyss:5  | Lost mutation: You have large cloven feet. [potion of mutation]
 17558 | Abyss:5  | Lost mutation: You do not regenerate when monsters are visible. [potion of mutation]
 17558 | Abyss:5  | Gained mutation: You do not regenerate when monsters are visible. [potion of mutation]
 17558 | Abyss:5  | Gained mutation: You are surrounded by a moderate repulsion field. (EV +3) [potion of mutation]
 17559 | Abyss:5  | Lost mutation: You are surrounded by a moderate repulsion field. (EV +3) [potion of mutation]
 17559 | Abyss:5  | Lost mutation: You do not regenerate when monsters are visible. [potion of mutation]
 17559 | Abyss:5  | Gained mutation: Your flesh is cold resistant. (rC+) [potion of mutation]
 17559 | Abyss:5  | Gained mutation: Scrolls take you longer to read. [potion of mutation]
 17559 | Abyss:5  | Gained mutation: You do not regenerate when monsters are visible. [potion of mutation]
 17559 | Abyss:5  | Lost mutation: You are weak. (Str -2) [potion of mutation]
 17560 | Abyss:5  | Lost mutation: You do not regenerate when monsters are visible. [potion of mutation]
 17560 | Abyss:5  | Lost mutation: Scrolls take you longer to read. [potion of mutation]
 17560 | Abyss:5  | Gained mutation: You have sharp toenails. [potion of mutation]
 17560 | Abyss:5  | Gained mutation: Your skin changes colour to match your surroundings (Stealth+). [potion of mutation]
 17762 | Abyss:5  | Reached skill level 17 in Fighting
 17762 | Abyss:5  | Reached skill level 17 in Short Blades
 17762 | Abyss:5  | Reached skill level 17 in Long Blades
 17762 | Abyss:5  | Reached skill level 17 in Axes
 17762 | Abyss:5  | Reached skill level 17 in Maces & Flails
 17762 | Abyss:5  | Reached skill level 17 in Polearms
 17762 | Abyss:5  | Reached skill level 17 in Staves
 17762 | Abyss:5  | Reached skill level 17 in Slings
 17762 | Abyss:5  | Reached skill level 17 in Bows
 17762 | Abyss:5  | Reached skill level 17 in Crossbows
 17762 | Abyss:5  | Reached skill level 17 in Throwing
 17762 | Abyss:5  | Reached skill level 17 in Armour
 17762 | Abyss:5  | Reached skill level 17 in Shields
 17762 | Abyss:5  | Reached skill level 17 in Unarmed Combat
 17762 | Abyss:5  | Reached skill level 17 in Evocations
 17966 | Abyss:5  | Got an abyssal rune of Zot
 17982 | Zig:12   | Escaped the Abyss
 17995 | Zig:13   | Entered Level 13 of a ziggurat
 18008 | Zig:13   | Reached skill level 15 in Transmutations
 18043 | Zig:13   | Identified Quvaqi's Compendium of the Rocks and Venom
 18053 | Zig:14   | Entered Level 14 of a ziggurat
 18065 | Zig:14   | Reached skill level 15 in Conjurations
 18065 | Zig:14   | Reached skill level 15 in Hexes
 18065 | Zig:14   | Reached skill level 15 in Charms
 18065 | Zig:14   | Reached skill level 15 in Summonings
 18065 | Zig:14   | Reached skill level 15 in Necromancy
 18065 | Zig:14   | Reached skill level 15 in Translocations
 18065 | Zig:14   | Reached skill level 15 in Fire Magic
 18065 | Zig:14   | Reached skill level 15 in Ice Magic
 18065 | Zig:14   | Reached skill level 15 in Air Magic
 18065 | Zig:14   | Reached skill level 15 in Poison Magic
 18118 | Zig:15   | Entered Level 15 of a ziggurat
 18134 | Zig:15   | Noticed Kalen the pandemonium lord
 18136 | Zig:15   | Reached skill level 18 in Spellcasting
 18144 | Zig:15   | Killed Kalen the pandemonium lord
 18146 | Zig:15   | Found the +7 longbow "Piercer" {penet, EV-2}
 18146 | Zig:15   | Reached skill level 18 in Dodging
 18150 | Zig:15   | Found the +2 robe of Vines {NoPotionHeal Regen+7}
 18158 | Zig:15   | Identified the ring "Zeuminel" {rCorr rC+} (You found it on level 15 of a ziggurat)
 18165 | Zig:15   | Reached skill level 18 in Stealth
 18183 | Zig:15   | Identified the ring "Liblah" {Int+6 Dex+4} (You found it on level 15 of a ziggurat)
 18188 | Zig:15   | Learned a level 3 spell: Lesser Beckoning
 18234 | Coc:7    | Reached skill level 19 in Invocations
 18253 | Coc:7    | Found the +10 morningstar "Eos" {elec, Halo rElec}
 18253 | Coc:7    | Found the +1 cloak of Starlight {rElec rC+ EV+4 Stlth--}
 18344 | Coc:7    | Reached skill level 16 in Earth Magic
 18382 | Coc:7    | Killed Antaeus
 18399 | Coc:7    | Identified Onkyte's Tome of Boosting Transmigration
 18402 | Coc:7    | Found the +10 large shield of Ignorance {rN+ Int-4}
 18404 | Coc:7    | Got an icy rune of Zot
 18590 | Hell     | Found a gateway to the Iron City of Dis.
 18595 | Dis:1    | Entered Level 1 of the Iron City of Dis
 18952 | Dis:7    | Entered Level 7 of the Iron City of Dis
 18979 | Dis:7    | Got a heavily runed bone ring
 19022 | Dis:7    | Reached skill level 18 in Fighting
 19022 | Dis:7    | Reached skill level 18 in Short Blades
 19022 | Dis:7    | Reached skill level 18 in Long Blades
 19022 | Dis:7    | Reached skill level 18 in Axes
 19022 | Dis:7    | Reached skill level 18 in Maces & Flails
 19022 | Dis:7    | Reached skill level 18 in Polearms
 19022 | Dis:7    | Reached skill level 18 in Staves
 19022 | Dis:7    | Reached skill level 18 in Slings
 19022 | Dis:7    | Reached skill level 18 in Bows
 19022 | Dis:7    | Reached skill level 18 in Crossbows
 19022 | Dis:7    | Reached skill level 18 in Throwing
 19022 | Dis:7    | Reached skill level 18 in Armour
 19022 | Dis:7    | Reached skill level 18 in Shields
 19022 | Dis:7    | Reached skill level 18 in Unarmed Combat
 19022 | Dis:7    | Reached skill level 18 in Evocations
 19246 | Dis:7    | Noticed Dispater
 19266 | Dis:7    | Killed Dispater
 19298 | Dis:7    | Got an iron rune of Zot
 19483 | Dis:7    | Noticed Amnesiac's ghost (adept DEFi)
 19495 | Dis:7    | Killed Amnesiac's ghost
 19620 | Hell     | Reached skill level 16 in Transmutations
 19625 | Hell     | Found a gateway to the decaying netherworld of Tartarus.
 19633 | Tar:1    | Entered Level 1 of Tartarus
 19772 | Tar:2    | Reached skill level 19 in Spellcasting
 19777 | Tar:2    | Reached skill level 16 in Conjurations
 19777 | Tar:2    | Reached skill level 16 in Hexes
 19777 | Tar:2    | Reached skill level 16 in Charms
 19777 | Tar:2    | Reached skill level 16 in Summonings
 19777 | Tar:2    | Reached skill level 16 in Necromancy
 19777 | Tar:2    | Reached skill level 16 in Translocations
 19777 | Tar:2    | Reached skill level 16 in Fire Magic
 19777 | Tar:2    | Reached skill level 16 in Ice Magic
 19777 | Tar:2    | Reached skill level 16 in Air Magic
 19777 | Tar:2    | Reached skill level 16 in Poison Magic
 19920 | Tar:2    | Reached skill level 19 in Dodging
 19966 | Tar:2    | Reached skill level 20 in Invocations
 20004 | Tar:3    | Reached skill level 19 in Stealth
 20171 | Tar:5    | Found a huge runed gate.
 20171 | Tar:5    | Found a huge runed gate.
 20171 | Tar:5    | Found a huge runed gate.
 20171 | Tar:5    | Found a huge runed gate.
 20172 | Tar:5    | Found a huge runed gate.
 20172 | Tar:5    | Found a huge runed gate.
 20172 | Tar:5    | Found a huge runed gate.
 20173 | Tar:5    | Found a huge runed gate.
 20173 | Tar:5    | Found a huge runed gate.
 20174 | Tar:5    | Found a huge runed gate.
 20177 | Tar:5    | Found a huge runed gate.
 20177 | Tar:5    | Found a huge runed gate.
 20177 | Tar:5    | Found a huge runed gate.
 20177 | Tar:5    | Found a huge runed gate.
 20177 | Tar:5    | Found a huge runed gate.
 20177 | Tar:5    | Found a huge runed gate.
 20361 | Tar:7    | Entered Level 7 of Tartarus
 20391 | Tar:7    | Reached skill level 17 in Earth Magic
 20450 | Tar:7    | Reached skill level 19 in Fighting
 20450 | Tar:7    | Reached skill level 19 in Short Blades
 20450 | Tar:7    | Reached skill level 19 in Long Blades
 20450 | Tar:7    | Reached skill level 19 in Axes
 20450 | Tar:7    | Reached skill level 19 in Maces & Flails
 20450 | Tar:7    | Reached skill level 19 in Polearms
 20450 | Tar:7    | Reached skill level 19 in Staves
 20450 | Tar:7    | Reached skill level 19 in Slings
 20450 | Tar:7    | Reached skill level 19 in Bows
 20450 | Tar:7    | Reached skill level 19 in Crossbows
 20450 | Tar:7    | Reached skill level 19 in Throwing
 20450 | Tar:7    | Reached skill level 19 in Armour
 20450 | Tar:7    | Reached skill level 19 in Shields
 20450 | Tar:7    | Reached skill level 19 in Unarmed Combat
 20450 | Tar:7    | Reached skill level 19 in Evocations
 20804 | Tar:7    | Noticed Ereshkigal
 20824 | Tar:7    | Killed from afar by a hellion

Vault maps used:
D:1:      giann_bridges
D:2:      lemuel_doored_altar
D:3:      kennysheep_cross_bottleneck, hangedman_ru_absence
D:4:      lemuel_round_altar, kennysheep_mini_moat, old_standard_altar,
          old_standard_altar, uniq_menkaure, uniq_sigmund
D:5:      kennysheep_little_box, lemuel_zombie_altar_yredelemnul,
          elyvilon_altar_5, minmay_temple_entry_from_below_a, first_bread
D:6:      nicolae_qazlal_general_emergency
D:7:      vehumet_altar_wand_db
D:8:      okawaru_metal_pillars_1_2
D:9:      uniq_psyche
D:10:     minmay_misc_feat_more_columns
D:11:     erik_lair_orcish_takeover, orc_0_dummy, serial_shops, kennysheep_mini
D:12:     uniq_erolcha
D:13:     basic_altar, serial_shops, shop
D:14:     grunt_vaults_entry_tiered, minmay_misc_feat_plants, special_room,
          hangedman_stone_soup
D:15:     grunt_enter_depths_hoard, serial_park_square3,
          minmay_gold_behind_fungi
Temple:   eino_wide_crystal_templ
Lair:2:   enter_volcano_3, uniq_nergalle
Lair:3:   cheibrodos_lair_river_kwai, dummy_spider_entry, serial_forest,
          infiniplex_forest_clump_small, infiniplex_forest_lined_corner,
          infiniplex_forest_3_way, infiniplex_forest_straight_5
Lair:4:   elwin_shoals_entry_rocks, grunt_megastairs_2
Lair:5:   slime_dummy, portal_ice_cave_entry_imps
Shoals:1: nicolae_shoals_this_corrosion
Shoals:2: ldierk_geyser
Shoals:4: shoals_end_simple, shoal_ilsuiw, uniq_polyphemus
Spider:2: uniq_kirke, uniq_roxanne, uniq_azrael
Spider:3: nicolae_orb_stairs_large
Spider:4: grunt_spider_rune_parallel, uniq_jorgrun, uniq_agnes
Slime:2:  basic_altar
Slime:3:  cheibrodos_slime_lost_civilization_9
Slime:4:  uniq_dissolution
Orc:1:    serial_shops, nicolae_shop_waterfront
Orc:2:    grunt_orc_tribal_feast, lightli_church_of_beogh
Vaults:1: nicolae_vaults_big_angled_halls, vaults_room_pool,
          nicolae_vaults_circle_grid_b, hangedman_vaults_snaps,
          nicolae_vaults_hallways_thing, v_misc_24, dpeg_vaults_monster_box,
          vaults_room_grunt_arrival_ludios, vaults_room_hangedman_quadrants,
          v_alt_pattern_1
Vaults:2: nicolae_vaults_theta, hangedman_vaults_trim, v_pattern_3, v_rooms_5,
          vaults_room_pool, v_alt_pattern_5, nicolae_vaults_ring_of_whatevers,
          serial_shops, shop, uniq_jory, uniq_margery
Vaults:3: v_misc_27, ontoclasm_vaults_ring_large,
          hangedman_vaults_corner_blocks, nicolae_vaults_ring_of_whatevers,
          st_star, hangedman_vaults_stretched_pinwheel, blue_anna_dwarven_crypt,
          vaults_room_octagon, nicolae_vaults_yaktaur_gun_rack, v_misc_9,
          vaults_room_corners, vaults_room_boxed, hangedman_vaults_slice,
          nicolae_vaults_little_squares_6, serial_shops,
          nicolae_shop_behind_doors
Vaults:4: nicolae_vaults_halls_meeting, hangedman_vaults_trim,
          vaults_room_semicircle, vaults_dpeg_ring,
          hangedman_vaults_corner_blocks, v_rooms_2, vaults_mumra_hex,
          vaults_room_grid, ontoclasm_vaults_fault, grunt_vaults_swirl,
          vaults_mumra_minichess, nicolae_vaults_big_angled_halls,
          grunt_vaults_focal, ontoclasm_vaults_ring_square, v_rooms_4,
          nicolae_vaults_asterisk, nicolae_vaults_circle_grid_b
Crypt:2:  basic_altar, corexii_leaking_fountain, minivault_23, st_stairs_13
Crypt:3:  lightli_unholy_cathedral,
          nicolae_tomb_entry_unfolded_pyramid_diagonal, uniq_sojobo
Tomb:1:   uniq_frederick
Tomb:3:   uniq_mennas
Depths:1: kennysheep_flooded_box, nicolae_trove_entry_free_sample, serial_shops,
          shop, hangedman_coc_ice_floe, minmay_protected_statue
Depths:2: kennysheep_large_vault, rand_demon_pan_entry_5,
          serial_co_window_serial, co_window_cross_1, co_window_corner_a,
          co_window_paths_a, co_window_corner_a, co_window_corner_a,
          co_window_paths_a, co_window_paths_b, co_window_corner_cb,
          co_window_of_opportunity_b, co_window_broadway_a, glass_columns_a,
          glass_columns_a, hell_entry
Depths:3: minmay_connected_triangles_in_corner, serial_shops,
          nicolae_shop_crystal, dk_noncrumbling_4, grunt_mini_vestibule,
          grunt_pan_entry_zigzag
Depths:4: lemuel_flame_loot_2, enter_ziggurat_a, abyss_entry,
          grunt_hell_entry_dis_old, pan_entry, uniq_saint_roka
Dis:1:    evilmike_ambush
Dis:2:    lemuel_mystery_crypt, grunt_megastairs_3
Dis:3:    hangedman_dis_decor_blocks_talon
Dis:6:    hangedman_dis_decor_blocks_mantle
Dis:7:    dis_hangedman
Coc:7:    coc_hangedman
Tar:1:    hangedman_tartarus_temple_path
Tar:4:    hangedman_snap_crack_crunch
Tar:5:    door_vault, lemuel_elevator
Tar:7:    tar_minmay_river
Abyss:5:  bh_abyss_exit_spiral, hangedman_abyss_or_decor_stabs,
          patterned_corridor
Zig:7:    ziggurat_pillar_centre_c
Zig:12:   ziggurat_pillar_centre_dead_trees
IceCv:    ice_cave_small_demon
Volcano:  volcano_pools

Skill      XL: |  1  2  3  4  5  6  7  8  9 10 11 12 13 14 15 16 17 18 19 20 21 22 23 24 25 26 27 |
---------------+----------------------------------------------------------------------------------+-----
Fighting       | 1 2 3 4 5 6 7 8 9 10 11 12 13 14 15 16 19 | 19.2
Short Blades   | 1 2 3 4 5 6 7 8 9 10 11 12 13 14 15 16 19 | 19.2
Long Blades    | 1 2 3 4 5 6 7 8 9 10 11 12 13 14 15 16 19 | 19.2
Axes           | 1 2 3 4 5 6 7 8 9 10 11 12 13 14 15 16 19 | 19.2
Maces & Flails | 1 2 3 4 5 6 7 8 9 10 11 12 13 14 15 16 19 | 19.2
Polearms       | 1 2 3 4 5 6 7 8 9 10 11 12 13 14 15 16 19 | 19.2
Staves         | 1 2 3 4 5 6 7 8 9 10 11 12 13 14 15 16 19 | 19.2
Slings         | 1 2 3 4 5 6 7 8 9 10 11 12 13 14 15 16 19 | 19.2
Bows           | 1 2 3 4 5 6 7 8 9 10 11 12 13 14 15 16 19 | 19.2
Crossbows      | 1 2 3 4 5 6 7 8 9 10 11 12 13 14 15 16 19 | 19.2
Throwing       | 1 2 3 4 5 6 7 8 9 10 11 12 13 14 15 16 19 | 19.2
Armour         | 1 2 3 4 5 6 7 8 9 10 11 12 13 14 15 16 19 | 19.2
Shields        | 1 2 3 4 5 6 7 8 9 10 11 12 13 14 15 16 19 | 19.2
Unarmed Combat | 1 2 3 4 5 6 7 8 9 10 11 12 13 14 15 16 19 | 19.2
Spellcasting   | 5 6 7 8 9 10 11 12 13 14 15 16 17 19 | 19.7
Transmutations | 2 3 4 5 6 7 8 9 10 11 12 13 14 16 | 16.7
Invocations    | 1 2 3 4 5 6 7 8 9 10 11 12 13 14 15 16 17 18 20 | 20.6
Evocations     | 1 2 3 4 5 6 7 8 9 10 11 12 13 14 15 16 19 | 19.2
Conjurations   | 1 2 3 4 5 6 7 8 9 10 11 12 13 14 16 | 16.6
Hexes          | 1 2 3 4 5 6 7 8 9 10 11 12 13 14 16 | 16.6
Charms         | 1 2 3 4 5 6 7 8 9 10 11 12 13 14 16 | 16.6
Summonings     | 1 2 3 4 5 6 7 8 9 10 11 12 13 14 16 | 16.6
Necromancy     | 1 2 3 4 5 6 7 8 9 10 11 12 13 14 16 | 16.6
Translocations | 1 2 3 4 5 6 7 8 9 10 11 12 13 14 16 | 16.6
Fire Magic     | 1 2 3 4 5 6 7 8 9 10 11 12 13 14 16 | 16.6
Ice Magic      | 1 2 3 4 5 6 7 8 9 10 11 12 13 14 16 | 16.6
Air Magic      | 1 2 3 4 5 6 7 8 9 10 11 12 13 14 16 | 16.6
Poison Magic   | 1 2 3 4 5 6 7 8 9 10 11 12 13 14 16 | 16.6
Dodging        | 5 6 7 8 9 10 11 12 13 14 15 16 17 19 | 19.6
Stealth        | 5 6 7 8 9 10 11 12 13 14 15 16 17 19 | 19.5
Earth Magic    | 6 7 8 9 10 11 12 13 14 15 17 | 17.3

Action                   |  1- 3 |  4- 6 |  7- 9 | 10-12 | 13-15 | 16-18 | 19-21 | 22-24 | 25-27 || total
-------------------------+-------+-------+-------+-------+-------+-------+-------+-------+-------++-------
Melee: Dagger            |       |    57 |    77 |   153 |   103 |       |       |       |       ||   390
       Bite              |       |     4 |    10 |    43 |   105 |   114 |   105 |    84 |   248 ||   713
       Flail             |       |       |     4 |    59 |    70 |       |       |       |       ||   133
       Kick              |       |       |       |   120 |   275 |    69 |   232 |   167 |   615 ||  1478
       Punch             |       |       |       |     2 |       |       |       |       |       ||     2
       Trident           |       |       |       |       |    49 |       |       |       |       ||    49
       Demon trident     |       |       |       |       |   305 |   587 |   529 |   494 |   498 ||  2413
       Unarmed           |       |       |       |       |     4 |       |       |       |    19 ||    23
       Sacred scourge    |       |       |       |       |       |       |       |       |   792 ||   792
Throw: Tomahawk          |       |       |       |     1 |    35 |     3 |       |       |       ||    39
       Stone             |       |       |       |       |       |     1 |       |       |       ||     1
       Javelin           |       |       |       |       |       |     2 |       |     2 |    26 ||    30
 Cast: Sandblast         |     8 |    25 |    82 |   158 |    46 |     5 |       |       |       ||   324
       Passwall          |       |     5 |    37 |    25 |    36 |    32 |       |    22 |    20 ||   177
       Stone Arrow       |       |       |     1 |    21 |     1 |       |       |       |       ||    23
       Confuse           |       |       |     2 |     1 |       |       |       |       |       ||     3
       Summon Lightning  |       |       |       |    29 |    31 |    56 |    22 |    18 |     7 ||   163
       Petrify           |       |       |       |    11 |    16 |       |       |       |       ||    27
       Lee's Rapid Decon |       |       |       |     9 |    37 |       |    44 |    11 |     2 ||   103
       Regeneration      |       |       |       |     6 |    12 |    11 |    16 |    20 |    53 ||   118
       Fireball          |       |       |       |       |    43 |    33 |     1 |       |       ||    77
       Song of Slaying   |       |       |       |       |     2 |       |       |     2 |       ||     4
       Spectral Weapon   |       |       |       |       |    18 |    56 |    36 |    37 |    95 ||   242
       Statue Form       |       |       |       |       |     4 |     9 |    27 |    29 |    69 ||   138
       Passage of Golubr |       |       |       |       |       |    26 |    19 |    95 |    81 ||   221
       Deflect Missiles  |       |       |       |       |       |     3 |     3 |       |       ||     6
       Death Channel     |       |       |       |       |       |       |     8 |       |       ||     8
       Ignition          |       |       |       |       |       |       |     7 |    47 |   131 ||   185
       Summon Forest     |       |       |       |       |       |       |       |     1 |     2 ||     3
       Shatter           |       |       |       |       |       |       |       |       |     6 ||     6
       Blink             |       |       |       |       |       |       |       |       |    27 ||    27
       Lesser Beckoning  |       |       |       |       |       |       |       |       |    27 ||    27
Invok: Bend Time         |       |       |     1 |       |       |       |       |       |     2 ||     3
       Slouch            |       |       |       |     3 |     1 |    15 |     6 |    12 |     3 ||    40
       Step From Time    |       |       |       |       |       |       |     1 |       |       ||     1
       Temporal Distorti |       |       |       |       |       |       |     1 |     4 |     2 ||     7
 Abil: Evoke Blink       |       |       |       |       |     4 |       |     1 |     5 |     2 ||    12
       Blink             |       |       |       |       |     1 |       |       |       |       ||     1
       End Transformatio |       |       |       |       |       |       |       |       |    11 ||    11
Evoke: Wand              |       |       |     6 |    17 |     2 |    20 |     7 |     4 |       ||    56
       Phial of floods   |       |       |       |     1 |       |     1 |       |       |     1 ||     3
       Fan of gales      |       |       |       |     1 |       |       |       |       |       ||     1
       Lamp of fire      |       |       |       |       |       |     1 |       |       |       ||     1
       Lightning rod     |       |       |       |       |       |       |       |       |     2 ||     2
       Figurine of a zig |       |       |       |       |       |       |       |       |     1 ||     1
       Box of beasts     |       |       |       |       |       |       |       |       |     3 ||     3
  Use: Scroll            |       |     3 |    11 |    10 |    19 |    22 |    20 |    14 |    25 ||   124
       Potion            |       |       |     3 |     3 |     8 |     9 |     5 |     8 |    16 ||    52
 Stab: Sleeping          |       |     7 |     8 |     6 |    12 |     8 |     1 |    16 |    10 ||    68
       Paralysed         |       |       |     1 |     2 |       |       |       |       |     2 ||     5
       Petrified         |       |       |       |    13 |     4 |       |       |       |       ||    17
       Distracted        |       |       |       |     7 |    23 |    37 |    35 |    15 |    43 ||   160
       Petrifying        |       |       |       |     2 |     3 |       |       |       |       ||     5
  Eat: Chunk             |       |       |     5 |     6 |     2 |       |       |     1 |     1 ||    15
       Royal jelly       |       |       |     1 |     4 |     2 |     1 |     3 |     1 |     3 ||    15
       Fruit             |       |       |       |       |     4 |       |       |       |     4 ||     8
       Bread ration      |       |       |       |       |     2 |     2 |     3 |     2 |     1 ||    10
       Meat ration       |       |       |       |       |     1 |     1 |       |       |     2 ||     4
Armor: Robe              |     1 |    12 |     2 |       |       |       |       |       |     8 ||    23
       Leather armour    |       |       |     4 |       |       |       |       |       |       ||     4
       Skin              |       |       |    25 |       |    25 |    32 |   103 |   203 |   430 ||   818
       Troll leather arm |       |       |     8 |    48 |   100 |    98 |     4 |    31 |     1 ||   290
Dodge: Dodged            |     1 |    55 |   102 |   199 |   684 |   513 |   510 |   979 |  1842 ||  4885
       Deflected         |       |       |       |       |       |    34 |     7 |       |       ||    41
Block: Shield            |       |       |       |   108 |   537 |   653 |   603 |   793 |  1542 ||  4236
       Reflection        |       |       |       |       |       |    60 |    24 |     3 |       ||    87

Table legend:
 A = Spawn XP
 B = Non-spawn XP
 C = Spawn XP percentage of total XP
 D = Spawn monster count
 E = Non-spawn monster count
 F = Spawn count percentage of total count
 G = Total turns spent on level
                    A         B        C        D         E        F      G
               +---------+---------+-------+---------+---------+-------+---------
         Total |   58029 | 1843407 |   3.1 |      93 |    2531 |   3.5 | 20824
               +---------+---------+-------+---------+---------+-------+---------
           D:1 |       0 |       6 |   0.0 |       0 |       4 |   0.0 |   115
           D:2 |       0 |      61 |   0.0 |       0 |      21 |   0.0 |   389
           D:3 |       0 |     170 |   0.0 |       0 |      17 |   0.0 |   307
           D:4 |       0 |     705 |   0.0 |       0 |      17 |   0.0 |   335
           D:5 |       0 |     350 |   0.0 |       0 |       8 |   0.0 |   366
           D:6 |       0 |     534 |   0.0 |       0 |      13 |   0.0 |   393
           D:7 |       0 |     323 |   0.0 |       0 |       5 |   0.0 |   324
           D:8 |       0 |     260 |   0.0 |       0 |       4 |   0.0 |   253
           D:9 |       0 |    3943 |   0.0 |       0 |      31 |   0.0 |   402
          D:10 |       0 |    3350 |   0.0 |       0 |      25 |   0.0 |   462
          D:11 |       0 |    4496 |   0.0 |       0 |      47 |   0.0 |   691
          D:12 |       0 |    1510 |   0.0 |       0 |      10 |   0.0 |   143
          D:13 |       0 |     719 |   0.0 |       0 |      10 |   0.0 |    75
          D:14 |       0 |    6881 |   0.0 |       0 |      30 |   0.0 |   204
          D:15 |       0 |    2159 |   0.0 |       0 |       3 |   0.0 |   142
        Lair:1 |       0 |    5194 |   0.0 |       0 |      23 |   0.0 |   287
        Lair:2 |       0 |    4016 |   0.0 |       0 |      17 |   0.0 |   326
        Lair:3 |       0 |    8008 |   0.0 |       0 |      31 |   0.0 |   547
        Lair:4 |       0 |    7215 |   0.0 |       0 |      28 |   0.0 |   490
        Lair:5 |       0 |    4447 |   0.0 |       0 |      28 |   0.0 |   485
      Shoals:1 |       0 |    2587 |   0.0 |       0 |       5 |   0.0 |   136
      Shoals:2 |       0 |    3412 |   0.0 |       0 |       7 |   0.0 |   172
      Shoals:3 |       0 |   15149 |   0.0 |       0 |      28 |   0.0 |   261
      Shoals:4 |       0 |   28135 |   0.0 |       0 |      50 |   0.0 |   453
      Spider:1 |       0 |    8495 |   0.0 |       0 |      23 |   0.0 |   315
      Spider:2 |       0 |   11480 |   0.0 |       0 |      23 |   0.0 |   211
      Spider:3 |       0 |    5830 |   0.0 |       0 |      20 |   0.0 |   109
      Spider:4 |       0 |   37819 |   0.0 |       0 |      96 |   0.0 |   562
       Slime:1 |       0 |    8015 |   0.0 |       0 |       9 |   0.0 |    96
       Slime:2 |       0 |   15770 |   0.0 |       0 |      23 |   0.0 |   175
       Slime:3 |       0 |   13318 |   0.0 |       0 |      21 |   0.0 |   203
       Slime:4 |       0 |   10055 |   0.0 |       0 |      20 |   0.0 |    99
       Slime:5 |       0 |   38265 |   0.0 |       0 |      35 |   0.0 |   373
         Orc:1 |       0 |    4763 |   0.0 |       0 |      59 |   0.0 |   365
         Orc:2 |       0 |   11988 |   0.0 |       0 |      68 |   0.0 |   751
      Vaults:1 |       0 |   14603 |   0.0 |       0 |      30 |   0.0 |   217
      Vaults:2 |       0 |   19275 |   0.0 |       0 |      31 |   0.0 |   206
      Vaults:3 |       0 |   16503 |   0.0 |       0 |      33 |   0.0 |   283
      Vaults:4 |       0 |   22227 |   0.0 |       0 |      40 |   0.0 |   348
      Vaults:5 |       0 |  142980 |   0.0 |       0 |     154 |   0.0 |   532
       Crypt:1 |       0 |   16648 |   0.0 |       0 |      26 |   0.0 |   210
       Crypt:2 |       0 |   16525 |   0.0 |       0 |      24 |   0.0 |   259
       Crypt:3 |       0 |   47622 |   0.0 |       0 |      60 |   0.0 |   479
        Tomb:1 |       0 |   65404 |   0.0 |       0 |      60 |   0.0 |   621
        Tomb:2 |       0 |   10306 |   0.0 |       0 |      16 |   0.0 |   224
        Tomb:3 |       0 |  127959 |   0.0 |       0 |     103 |   0.0 |   476
      Depths:1 |       0 |   31646 |   0.0 |       0 |      39 |   0.0 |   248
      Depths:2 |       0 |   36562 |   0.0 |       0 |      33 |   0.0 |   212
      Depths:3 |       0 |   60650 |   0.0 |       0 |      55 |   0.0 |   370
      Depths:4 |       0 |    6600 |   0.0 |       0 |       8 |   0.0 |    40
          Hell |       0 |   32155 |   0.0 |       0 |      50 |   0.0 |   207
         Dis:2 |       0 |    2230 |   0.0 |       0 |       7 |   0.0 |    64
         Dis:3 |       0 |    8063 |   0.0 |       0 |      16 |   0.0 |    69
         Dis:4 |       0 |    3708 |   0.0 |       0 |      18 |   0.0 |    92
         Dis:5 |       0 |    6069 |   0.0 |       0 |      12 |   0.0 |    79
         Dis:6 |       0 |   10519 |   0.0 |       0 |      16 |   0.0 |    50
         Dis:7 |       0 |  123137 |   0.0 |       0 |     105 |   0.0 |   625
         Coc:2 |       0 |     457 |   0.0 |       0 |       2 |   0.0 |    13
         Coc:3 |       0 |   14500 |   0.0 |       0 |      28 |   0.0 |   154
         Coc:4 |       0 |     732 |   0.0 |       0 |       2 |   0.0 |    71
         Coc:5 |       0 |    9167 |   0.0 |       0 |      10 |   0.0 |    50
         Coc:6 |       0 |    3014 |   0.0 |       0 |       2 |   0.0 |    20
         Coc:7 |       0 |  144024 |   0.0 |       0 |     140 |   0.0 |   519
         Tar:1 |       0 |     413 |   0.0 |       0 |       2 |   0.0 |    31
         Tar:2 |       0 |   77918 |   0.0 |       0 |      87 |   0.0 |   327
         Tar:3 |       0 |   29844 |   0.0 |       0 |      20 |   0.0 |    99
         Tar:4 |       0 |    3251 |   0.0 |       0 |       9 |   0.0 |     8
         Tar:5 |       0 |   34480 |   0.0 |       0 |      60 |   0.0 |   234
         Tar:6 |       0 |    3411 |   0.0 |       0 |       2 |   0.0 |    29
         Tar:7 |       0 |  130765 |   0.0 |       0 |     116 |   0.0 |   463
       Abyss:5 |   58029 |   27770 |  67.6 |      93 |      39 |  70.5 |   562
         Zig:1 |       0 |     567 |   0.0 |       0 |       2 |   0.0 |    21
         Zig:2 |       0 |    4472 |   0.0 |       0 |       2 |   0.0 |    33
         Zig:3 |       0 |    4843 |   0.0 |       0 |       4 |   0.0 |    36
         Zig:4 |       0 |    3132 |   0.0 |       0 |       6 |   0.0 |    25
         Zig:5 |       0 |    5998 |   0.0 |       0 |       8 |   0.0 |    28
         Zig:6 |       0 |    4969 |   0.0 |       0 |       8 |   0.0 |    30
         Zig:7 |       0 |   12484 |   0.0 |       0 |       9 |   0.0 |    24
         Zig:8 |       0 |   27499 |   0.0 |       0 |      10 |   0.0 |    81
         Zig:9 |       0 |   37275 |   0.0 |       0 |      10 |   0.0 |    39
        Zig:10 |       0 |   13804 |   0.0 |       0 |      16 |   0.0 |    41
        Zig:11 |       0 |   25354 |   0.0 |       0 |      15 |   0.0 |    48
        Zig:12 |       0 |   20434 |   0.0 |       0 |      22 |   0.0 |    75
        Zig:13 |       0 |   31186 |   0.0 |       0 |      20 |   0.0 |    58
        Zig:14 |       0 |   37734 |   0.0 |       0 |      25 |   0.0 |    65
        Zig:15 |       0 |   36963 |   0.0 |       0 |      29 |   0.0 |    89
         IceCv |       0 |    4463 |   0.0 |       0 |      27 |   0.0 |   389
       Volcano |       0 |    1665 |   0.0 |       0 |       4 |   0.0 |   160
               +---------+---------+-------+---------+---------+-------+---------

Table legend:
 A = Turns spent in this place as a percentage of turns spent in the entire game.
 B = Non-inter-level travel turns spent in this place as a percentage of non-inter-level travel turns spent in the entire game.
 C = Inter-level travel turns spent in this place as a percentage of turns spent in this place.
 D = Turns resting spent in this place as a percentage of non-inter-level travel turns spent in this place.
 E = Turns spent auto-exploring this place as a percentage of non-inter-level travel turns spent in this place.
 F = Non-inter-level travel turns spent in this place divided by the number of levels of this place that you've seen.
                   A       B       C       D       E      F
               +-------+-------+-------+-------+-------+----------------------
         Total | 100.0 | 100.0 |   0.2 |   0.4 |   0.4 | 228.4
       Dungeon |  22.1 |  22.1 |   0.0 |   0.0 |   0.0 | 306.7
        Temple |   0.3 |   0.3 |   0.0 |   0.0 |  33.3 |  63.0
          Lair |  10.3 |  10.3 |   0.0 |   3.0 |   2.5 | 427.0
        Shoals |   4.9 |   4.9 |   0.0 |   0.0 |   0.0 | 255.5
   Spider Nest |   5.7 |   5.8 |   0.0 |   0.6 |   0.0 | 299.2
    Slime Pits |   4.5 |   4.6 |   0.0 |   0.0 |   0.0 | 189.2
  Orcish Mines |   5.4 |   5.2 |   3.4 |   0.0 |   0.0 | 539.0
        Vaults |   7.6 |   7.6 |   0.0 |   0.1 |   0.0 | 317.2
         Crypt |   4.6 |   4.6 |   0.0 |   0.0 |   0.0 | 316.0
          Tomb |   6.3 |   6.4 |   0.0 |   0.0 |   0.0 | 440.3
        Depths |   4.2 |   4.2 |   0.0 |   0.0 |   0.0 | 217.5
          Hell |   1.0 |   1.0 |   0.0 |   0.0 |   0.0 | 207.0
           Dis |   4.7 |   4.7 |   0.0 |   0.0 |   0.0 | 140.3
       Cocytus |   4.0 |   4.0 |   0.0 |   0.0 |   0.0 | 119.3
      Tartarus |   5.7 |   5.7 |   0.0 |   0.3 |   0.0 | 170.1
         Abyss |   2.7 |   2.7 |   0.0 |   0.7 |   0.0 | 562.0
      Ziggurat |   3.3 |   3.3 |   0.0 |   0.0 |   0.0 |  46.2
      Ice Cave |   1.9 |   1.9 |   0.0 |   0.0 |   0.0 | 389.0
       Volcano |   0.8 |   0.8 |   0.0 |   0.0 |   0.0 | 160.0
               +-------+-------+-------+-------+-------+----------------------

Table legend:
 A = Kills in this place as a percentage of kills in entire the game.
 B = Kills by you in this place as a percentage of kills by you in the entire game.
 C = Kills by friends in this place as a percentage of kills by friends in the entire game.
 D = Other kills in this place as a percentage of other kills in the entire game.
 E = Experience gained in this place as a percentage of experience gained in the entire game.
 F = Experience gained in this place divided by the number of levels of this place that you have seen.
                   A       B       C       D       E      F
               +-------+-------+-------+-------+-------+----------------------
         Total | 100.0 | 100.0 | 100.0 | 100.0 | 100.0 | 20894.9
       Dungeon |   9.3 |   9.4 |   9.4 |   0.0 |   1.3 | 1697.8
          Lair |   4.8 |   4.5 |   8.3 |   0.0 |   1.5 | 5776.0
        Shoals |   3.4 |   3.1 |   6.3 |   9.1 |   2.6 | 12320.8
   Spider Nest |   6.2 |   5.8 |   9.4 |   0.0 |   3.3 | 15906.0
    Slime Pits |   4.1 |   3.9 |   5.9 |   0.0 |   4.5 | 17084.6
  Orcish Mines |   4.8 |   3.4 |  17.7 |   9.1 |   0.9 | 8375.5
        Vaults |  11.0 |   9.5 |  22.4 |  54.5 |  11.3 | 43117.6
         Crypt |   4.2 |   3.7 |   8.7 |   0.0 |   4.2 | 26931.7
          Tomb |   6.8 |   7.5 |   0.8 |   9.1 |  10.7 | 67889.7
        Depths |   5.1 |   5.5 |   2.0 |   0.0 |   7.1 | 33864.5
          Hell |   1.9 |   2.1 |   0.0 |   0.0 |   1.7 | 32155.0
           Dis |   6.6 |   7.2 |   1.6 |   0.0 |   8.1 | 21960.9
       Cocytus |   7.0 |   7.6 |   1.6 |   0.0 |   9.0 | 24556.3
      Tartarus |  11.3 |  12.5 |   0.8 |   0.0 |  14.7 | 40011.7
         Abyss |   5.0 |   5.3 |   2.0 |  18.2 |   4.5 | 85799.0
      Ziggurat |   7.1 |   7.7 |   1.6 |   0.0 |  14.0 | 17780.9
      Ice Cave |   1.0 |   1.1 |   0.0 |   0.0 |   0.2 | 4463.0
       Volcano |   0.2 |   0.0 |   1.6 |   0.0 |   0.1 | 1665.0
               +-------+-------+-------+-------+-------+----------------------

Vault maps used:
D:1:      giann_bridges
D:2:      lemuel_doored_altar
D:3:      kennysheep_cross_bottleneck, hangedman_ru_absence
D:4:      lemuel_round_altar, kennysheep_mini_moat, old_standard_altar,
          old_standard_altar, uniq_menkaure, uniq_sigmund
D:5:      kennysheep_little_box, lemuel_zombie_altar_yredelemnul,
          elyvilon_altar_5, minmay_temple_entry_from_below_a, first_bread
D:6:      nicolae_qazlal_general_emergency
D:7:      vehumet_altar_wand_db
D:8:      okawaru_metal_pillars_1_2
D:9:      uniq_psyche
D:10:     minmay_misc_feat_more_columns
D:11:     erik_lair_orcish_takeover, orc_0_dummy, serial_shops, kennysheep_mini
D:12:     uniq_erolcha
D:13:     basic_altar, serial_shops, shop
D:14:     grunt_vaults_entry_tiered, minmay_misc_feat_plants, special_room,
          hangedman_stone_soup
D:15:     grunt_enter_depths_hoard, serial_park_square3,
          minmay_gold_behind_fungi
Temple:   eino_wide_crystal_templ
Lair:2:   enter_volcano_3, uniq_nergalle
Lair:3:   cheibrodos_lair_river_kwai, dummy_spider_entry, serial_forest,
          infiniplex_forest_clump_small, infiniplex_forest_lined_corner,
          infiniplex_forest_3_way, infiniplex_forest_straight_5
Lair:4:   elwin_shoals_entry_rocks, grunt_megastairs_2
Lair:5:   slime_dummy, portal_ice_cave_entry_imps
Shoals:1: nicolae_shoals_this_corrosion
Shoals:2: ldierk_geyser
Shoals:4: shoals_end_simple, shoal_ilsuiw, uniq_polyphemus
Spider:2: uniq_kirke, uniq_roxanne, uniq_azrael
Spider:3: nicolae_orb_stairs_large
Spider:4: grunt_spider_rune_parallel, uniq_jorgrun, uniq_agnes
Slime:2:  basic_altar
Slime:3:  cheibrodos_slime_lost_civilization_9
Slime:4:  uniq_dissolution
Orc:1:    serial_shops, nicolae_shop_waterfront
Orc:2:    grunt_orc_tribal_feast, lightli_church_of_beogh
Vaults:1: nicolae_vaults_big_angled_halls, vaults_room_pool,
          nicolae_vaults_circle_grid_b, hangedman_vaults_snaps,
          nicolae_vaults_hallways_thing, v_misc_24, dpeg_vaults_monster_box,
          vaults_room_grunt_arrival_ludios, vaults_room_hangedman_quadrants,
          v_alt_pattern_1
Vaults:2: nicolae_vaults_theta, hangedman_vaults_trim, v_pattern_3, v_rooms_5,
          vaults_room_pool, v_alt_pattern_5, nicolae_vaults_ring_of_whatevers,
          serial_shops, shop, uniq_jory, uniq_margery
Vaults:3: v_misc_27, ontoclasm_vaults_ring_large,
          hangedman_vaults_corner_blocks, nicolae_vaults_ring_of_whatevers,
          st_star, hangedman_vaults_stretched_pinwheel, blue_anna_dwarven_crypt,
          vaults_room_octagon, nicolae_vaults_yaktaur_gun_rack, v_misc_9,
          vaults_room_corners, vaults_room_boxed, hangedman_vaults_slice,
          nicolae_vaults_little_squares_6, serial_shops,
          nicolae_shop_behind_doors
Vaults:4: nicolae_vaults_halls_meeting, hangedman_vaults_trim,
          vaults_room_semicircle, vaults_dpeg_ring,
          hangedman_vaults_corner_blocks, v_rooms_2, vaults_mumra_hex,
          vaults_room_grid, ontoclasm_vaults_fault, grunt_vaults_swirl,
          vaults_mumra_minichess, nicolae_vaults_big_angled_halls,
          grunt_vaults_focal, ontoclasm_vaults_ring_square, v_rooms_4,
          nicolae_vaults_asterisk, nicolae_vaults_circle_grid_b
Crypt:2:  basic_altar, corexii_leaking_fountain, minivault_23, st_stairs_13
Crypt:3:  lightli_unholy_cathedral,
          nicolae_tomb_entry_unfolded_pyramid_diagonal, uniq_sojobo
Tomb:1:   uniq_frederick
Tomb:3:   uniq_mennas
Depths:1: kennysheep_flooded_box, nicolae_trove_entry_free_sample, serial_shops,
          shop, hangedman_coc_ice_floe, minmay_protected_statue
Depths:2: kennysheep_large_vault, rand_demon_pan_entry_5,
          serial_co_window_serial, co_window_cross_1, co_window_corner_a,
          co_window_paths_a, co_window_corner_a, co_window_corner_a,
          co_window_paths_a, co_window_paths_b, co_window_corner_cb,
          co_window_of_opportunity_b, co_window_broadway_a, glass_columns_a,
          glass_columns_a, hell_entry
Depths:3: minmay_connected_triangles_in_corner, serial_shops,
          nicolae_shop_crystal, dk_noncrumbling_4, grunt_mini_vestibule,
          grunt_pan_entry_zigzag
Depths:4: lemuel_flame_loot_2, enter_ziggurat_a, abyss_entry,
          grunt_hell_entry_dis_old, pan_entry, uniq_saint_roka
Dis:1:    evilmike_ambush
Dis:2:    lemuel_mystery_crypt, grunt_megastairs_3
Dis:3:    hangedman_dis_decor_blocks_talon
Dis:6:    hangedman_dis_decor_blocks_mantle
Dis:7:    dis_hangedman
Coc:7:    coc_hangedman
Tar:1:    hangedman_tartarus_temple_path
Tar:4:    hangedman_snap_crack_crunch
Tar:5:    door_vault, lemuel_elevator
Tar:7:    tar_minmay_river
Abyss:5:  bh_abyss_exit_spiral, hangedman_abyss_or_decor_stabs,
          patterned_corridor
Zig:7:    ziggurat_pillar_centre_c
Zig:12:   ziggurat_pillar_centre_dead_trees
IceCv:    ice_cave_small_demon
Volcano:  volcano_pools
